 Dungeon Crawl Stone Soup version 0.26.1-11-gd32895ea62 (webtiles) character file.

Game seed: 14559736883512331387

543123 phalm the Luminary of Lethal Lore (level 26, -6/206 HPs)
             Began as a Gnoll Conjurer on June 18, 2021.
             Was the Champion of Vehumet.
             Blown up by a lich (49 damage)
             ... with a wavering orb of destruction
             ... on level 5 of the Vaults on June 19, 2021.
             The game lasted 03:42:10 (76057 turns).

phalm the Luminary of Lethal Lore (Gnoll Conjurer) Turns: 76057, Time: 03:42:11

Health: -6/206     AC: 22    Str: 12      XL:     26   Next: 5%
Magic:  34/53      EV: 25    Int: 29      God:    Vehumet [******]
Gold:   4543       SH: 13    Dex: 17 (18) Spells: 7/59 levels left

rFire    + + .     SeeInvis .   a - +8 trident of the Octopus King {venom, rElec rPois Will+}
rCold    + + +     Faith    .   A - +4 buckler of Giclin {Dex+3}
rNeg     + + .     Spirit   .   c - +6 acid dragon scales
rPois    +         Reflect  .   V - +0 hat of the Hall of Blades {+Blink rF+ rN+}
rElec    +         Harm     .   x - scarf {rC+ rF+}
rCorr    +         Rampage  .   J - +2 pair of gloves {archery}
Will     ++...                  o - +0 pair of boots
Stlth    ++++++++..             i - amulet of magic regeneration
HPRegen  0.44/turn              W - ring of magical power
MPRegen  0.58/turn              s - ring "Xoxzeuq" {Wiz *Corrode rC+++ rN+ Stlth+}

@: no status effects
A: distributed training, fangs 1, deterioration 2, sturdy frame 1, strong nose
}: 3/15 runes: decaying, serpentine, slimy
a: Renounce Religion, Evoke Blink


You were on level 5 of the Vaults.
You worshipped Vehumet.
Vehumet was exalted by your worship.
You visited 10 branches of the dungeon, and saw 49 of its levels.
You also visited: Sewer, Ossuary, Bailey, Gauntlet and Ice Cave.

You collected 8198 gold pieces.
You spent 3655 gold pieces at shops.


Innate Abilities, Weirdness & Mutations

Your experience applies equally to all skills.
You have very sharp teeth.
Your uncanny sense of smell can sniff out nearby items.
Your body often deteriorates upon taking damage.
Your movements are slightly less encumbered by armour. (ER -2)


   Skills:
 + Level 16.6 Fighting
 + Level 16.6 Short Blades
 + Level 16.6 Long Blades
 + Level 16.6 Axes
 + Level 16.6 Maces & Flails
 + Level 16.6 Polearms
 + Level 16.6 Staves
 + Level 16.6 Slings
 + Level 16.6 Bows
 + Level 16.6 Crossbows
 + Level 16.6 Throwing
 + Level 16.6 Armour
 + Level 17.1 Dodging
 + Level 17.0 Stealth
 + Level 16.6 Shields
 + Level 16.6 Unarmed Combat
 + Level 17.2 Spellcasting
 + Level 15.6 Conjurations
 + Level 14.3 Hexes
 + Level 14.3 Summonings
 + Level 14.3 Necromancy
 + Level 14.3 Translocations
 + Level 14.3 Transmutations
 + Level 14.3 Fire Magic
 + Level 14.3 Ice Magic
 + Level 14.3 Air Magic
 + Level 14.3 Earth Magic
 + Level 14.3 Poison Magic
 + Level 17.9 Invocations
 + Level 16.6 Evocations


You had 7 spell levels left.
You knew the following spells:

 Your Spells              Type           Power        Failure   Level
a - Airstrike             Air            41%          1%          4
b - Fireball              Conj/Fire      42%          1%          5
f - Fulminant Prism       Conj/Hex       42%          1%          4
g - Freezing Cloud        Conj/Ice/Air   42%          1%          6
l - Lehudib's Crystal Sp  Conj/Erth      42%          3%          8
n - Ignition              Fire           41%          4%          8
r - Irradiate             Conj/Tmut      42%          1%          5
t - Iron Shot             Conj/Erth      42%          1%          6
z - Ozocubu's Refrigerat  Ice            41%          1%          6

Your spell library contained the following spells:

 Spells                   Type           Power        Failure   Level
 Fire Storm               Conj/Fire      42%          36%         9
 Absolute Zero            Ice            41%          43%         9
 Animate Skeleton         Necr           100%         0%          1
 Apportation              Tloc           100%         0%          1
 Beastly Appendage        Tmut           100%         0%          1
 Corona                   Hex            92%          0%          1
 Foxfire                  Conj/Fire      100%         0%          1
 Freeze                   Ice            100%         0%          1
 Magic Dart               Conj           100%         0%          1
 Pain                     Necr           100%         0%          1
 Sandblast                Erth           100%         0%          1
 Shock                    Conj/Air       100%         0%          1
 Sting                    Tmut/Pois      100%         0%          1
 Summon Small Mammal      Summ           100%         0%          1
 Blink                    Tloc           N/A          0%          2
 Call Imp                 Summ           83%          0%          2
 Ensorcelled Hibernation  Hex/Ice        100%         0%          2
 Passwall                 Tmut/Erth      69%          0%          2
 Poisonous Vapours        Pois/Air       100%         0%          2
 Searing Ray              Conj           100%         0%          2
 Slow                     Hex            83%          0%          2
 Swiftness                Air            83%          0%          2
 Wereblood                Tmut           83%          0%          2
 Call Canine Familiar     Summ           83%          0%          3
 Confusing Touch          Hex            83%          0%          3
 Conjure Flame            Conj/Fire      84%          0%          3
 Dazzling Flash           Conj/Hex       100%         0%          3
 Frozen Ramparts          Ice            100%         0%          3
 Gell's Gravitas          Tloc           41%          0%          3
 Ignite Poison            Fire/Tmut/Pois 83%          0%          3
 Inner Flame              Hex/Fire       83%          0%          3
 Lesser Beckoning         Tloc           41%          0%          3
 Mephitic Cloud           Conj/Pois/Air  84%          0%          3
 Ozocubu's Armour         Ice            83%          0%          3
 Portal Projectile        Hex/Tloc       100%         0%          3
 Spider Form              Tmut/Pois      41%          0%          3
 Static Discharge         Conj/Air       84%          0%          3
 Stone Arrow              Conj/Erth      100%         0%          3
 Summon Guardian Golem    Hex/Summ       83%          0%          3
 Teleport Other           Tloc           83%          0%          3
 Tukima's Dance           Hex            83%          0%          3
 Vampiric Draining        Necr           41%          0%          3
 Animate Dead             Necr           41%          1%          4
 Cause Fear               Hex            41%          1%          4
 Hailstorm                Conj/Ice       84%          1%          4
 Ice Form                 Ice/Tmut       83%          1%          4
 Iskenderun's Mystic Bla  Conj/Tloc      84%          1%          4
 Leda's Liquefaction      Hex/Erth       41%          1%          4
 Olgreb's Toxic Radiance  Pois           83%          1%          4
 Passage of Golubria      Tloc           N/A          1%          4
 Petrify                  Tmut/Erth      83%          1%          4
 Sticky Flame             Conj/Fire      84%          1%          4
 Summon Ice Beast         Ice/Summ       83%          1%          4
 Agony                    Necr           83%          1%          5
 Alistair's Intoxication  Tmut/Pois      55%          1%          5
 Blade Hands              Tmut           41%          1%          5
 Bolt of Magma            Conj/Fire/Erth 42%          1%          5
 Borgnjor's Vile Clutch   Necr/Erth      41%          1%          5
 Iskenderun's Battlesphe  Conj           86%          1%          5
 Lee's Rapid Deconstruct  Erth           41%          1%          5
 Lightning Bolt           Conj/Air       42%          1%          5
 Metabolic Englaciation   Hex/Ice        41%          1%          5
 Silence                  Hex/Air        41%          1%          5
 Summon Forest            Summ/Tloc      41%          1%          5
 Yara's Violent Unravell  Hex/Tmut       41%          1%          5
 Conjure Ball Lightning   Conj/Air       42%          1%          6
 Death Channel            Necr           41%          1%          6
 Hydra Form               Tmut           41%          1%          6
 Invisibility             Hex            83%          1%          6
 Shadow Creatures         Summ           N/A          1%          6
 Simulacrum               Ice/Necr       41%          1%          6
 Starburst                Conj/Fire      42%          1%          6
 Statue Form              Tmut/Erth      55%          1%          6
 Dragon Form              Tmut           41%          1%          7
 Orb of Destruction       Conj           43%          1%          7
 Spellforged Servitor     Conj/Summ      42%          1%          7
 Chain Lightning          Conj/Air       42%          3%          8
 Discord                  Hex            41%          14%         8
 Shatter                  Erth           41%          43%         9
 Tornado                  Air            41%          43%         9
 Dragon's Call            Summ           41%          88%         9

Inventory:

Hand Weapons
 a - the +8 trident of the Octopus King (weapon) {venom, rElec rPois Will+}
   (You took it off a frost giant in an ice cave)

   It poisons the flesh of those it strikes.
   It insulates you from electricity.
   It protects you from poison.
   It affects your willpower, your defense against some magical effects.
Missiles
 I - 15 boomerangs of dispersal {=f!f}
 M - 43 boomerangs (quivered)
Armour
 c - +6 acid dragon scales (worn)
   (You took it off Maggie on level 1 of the Lair of Beasts)
 o - a +0 pair of boots (worn)
   (You found it on level 2 of the Dungeon)
 x - a scarf of resistance (worn)
   (You found it in a bailey)
 A - the +4 buckler of Giclin (worn) {Dex+3}
   (You took it off an orc on level 1 of the Elven Halls)

   It affects your dexterity (+3).
 J - a +2 pair of gloves of archery (worn)
   (You found it on level 6 of the Dungeon)
 V - the +0 hat of the Hall of Blades (worn) {+Blink rF+ rN+}
   (You found it on level 2 of the Vaults)

   It protects you from fire.
   It protects you from negative energy.
   It lets you blink.
Jewellery
 i - an amulet of magic regeneration (around neck)
   (You found it on level 1 of the Lair of Beasts)
 s - the ring "Xoxzeuq" (right hand) {Wiz *Corrode rC+++ rN+ Stlth+}
   (You found it in a Gauntlet)

   [ring of wizardry]

   It improves your spell success rate.
   It renders you almost immune to cold.
   It protects you from negative energy.
   It may corrode you when you take damage.
   It makes you more stealthy.
 N - the ring "Zulyoz" {+Fly rC+ Str+2 SInv}
   (You bought it in a shop on level 1 of the Depths)

   [ring of flight]

   It affects your strength (+2).
   It protects you from cold.
   It lets you see invisible.
   It lets you fly.
 W - a ring of magical power (left hand)
   (You took it off an orc on level 8 of the Dungeon)
Wands
 p - a wand of disintegration (43)
   (You found it on level 2 of the Dungeon)
 q - a wand of iceblast (59)
   (You found it on level 10 of the Dungeon)
 t - a wand of flame (53)
   (You found it on level 3 of the Swamp)
 L - a wand of digging (33)
   (You found it on level 7 of the Dungeon)
 Q - a wand of acid (38)
   (You found it on level 9 of the Dungeon)
Scrolls
 d - 3 scrolls of summoning
 h - 14 scrolls of blinking {!r}
 j - 19 scrolls of remove curse {@r2}
 m - 13 scrolls of fog
 w - 17 scrolls of fear
 y - 9 scrolls of immolation {!r!r}
 D - 18 scrolls of teleportation {@r4}
 P - 6 scrolls of magic mapping {!r}
Potions
 e - a potion of cancellation
 g - 16 potions of curing {@q1}
 l - 4 potions of brilliance
 n - 5 potions of magic
 u - 2 potions of ambrosia
 v - 11 potions of heal wounds {@q2}
 z - 6 potions of resistance
 B - 10 potions of flight
 H - 13 potions of haste {@q3}
 U - 11 potions of might
 Y - 3 potions of invisibility
Miscellaneous
 k - a phantom mirror
   (You found it on level 2 of the Lair of Beasts)
 C - a phial of floods
   (You found it on level 3 of the Elven Halls)
 E - a tin of tremorstones (2/2)
   (You found it on level 5 of the Pits of Slime)
 G - a box of beasts
   (You found it on level 8 of the Dungeon)
 S - a lightning rod (4/4)
   (You found it on level 8 of the Dungeon)
 T - a condenser vane
   (You found it on level 3 of the Snake Pit)

Dungeon Overview and Level Annotations

Branches:
Dungeon (15/15)            Temple (1/1) D:6            Lair (6/6) D:11
  Swamp (4/4) Lair:4        Snake (4/4) Lair:2        Slime (5/5) Lair:5
    Orc (2/2) D:10            Elf (3/3) Orc:2        Vaults (5/5) D:14
  Crypt (0/3) Vaults:2     Depths (4/5) D:15          Sewer (visited)
Ossuary (visited)          Bailey (visited)           IceCv (visited)
Gauntlet (visited)

Altars:
Ashenzari
Cheibriados
Dithmenos
Elyvilon
Fedhas
Gozag
Hepliaklqana
Kikubaaqudgha
Makhleb
Nemelex Xobeh
Okawaru
Qazlal
Ru
Sif Muna
Trog
Uskayaw
Vehumet
Wu Jian
Xom
Yredelemnul
Zin
The Shining One
Beogh

Shops:
D:9 }   Orc:2 [??:(:   Elf:2 }   Snake:2 !:(!   Snake:4 (   Vaults:2 [
Vaults:4 !   Depths:1 ==}   Depths:3 *!

Portals:
Hell: Depths:1 Depths:2 Depths:3
Pandemonium: Depths:3
Ziggurat: Depths:1

Annotations:
Depths:4 Frederick

.... #...
...##... #....#
...[..# #....# ∆
.[..[###....#
.).$..#.[[.# .
..()[(#....###..
#.)[[#........#
#@L.D.[[[.....#
####.[[[[.[...#
......[[<<[[..[.
.....[[<)[<.[.).
......[[<<[[..!)
.....).[[[[....)
####...[[..[[###
..........[#
.##.......#.(


You could see a storm dragon (catching breath) and a lich (fast).


Message History

You take 7 damage, and now have 145/206 hp.
You hit the tentacled monstrosity.
The tentacled monstrosity tentacle-slaps you!
The tentacled monstrosity barely misses you.
You block the tentacled monstrosity's attack.
The tentacled monstrosity constricts you. 😮 HP[-15]
You take 15 damage, and now have 130/206 hp.
You hit the tentacled monstrosity.
You barely miss the tentacled monstrosity.
The tentacled monstrosity completely misses you.
The tentacled monstrosity tentacle-slaps you but does no damage.
The tentacled monstrosity barely misses you.
The tentacled monstrosity constricts you. 😮 HP[-6] MP[+1]
You take 6 damage, and now have 124/206 hp.
You puncture the tentacled monstrosity!
The tentacled monstrosity looks as sick as possible!
The tentacled monstrosity's grasp on you weakens, but your attempt to escape fails.
The tentacled monstrosity tentacle-slaps you!
The tentacled monstrosity misses you.
The tentacled monstrosity tentacle-slaps you!
The tentacled monstrosity constricts you.
The lich conjures an orb of pure magic.
An orb of destruction comes into view. 😮 HP[-20] MP[+1]
You take 20 damage, and now have 104/206 hp.
Unknown command.
You escape the tentacled monstrosity's grasp.
The lich casts a spell at you. The bolt of lightning misses you.
You block the tentacled monstrosity's attack.
The tentacled monstrosity tentacle-slaps you but does no damage.
The tentacled monstrosity tentacle-slaps you!
* * * LOW HITPOINT WARNING * * *
The tentacled monstrosity grabs you.
You stop ascending the stairs.
* * * LOW HITPOINT WARNING * * *
The tentacled monstrosity constricts you! 😨 HP[-17]
You take 17 damage, and now have 87/206 hp.
Casting: Ignition (dangerous; 4% risk of failure)
Confirm with . or Enter, or press ? or * to list all spells.
Casting: Ignition (dangerous; 4% risk of failure)
Press: ? - help, Dir - look around, f - activate The air bursts into flame!
The fireball engulfs the tentacled monstrosity!
The tentacled monstrosity resists.
The fireball engulfs the storm dragon!
The fireball engulfs the lich!
The fireball engulfs the storm dragon!
The fireball engulfs the tentacled monstrosity!
The tentacled monstrosity resists.
You kill the tentacled monstrosity!
Vehumet accepts your kill.
You feel your power returning. The orb of destruction hits you!!!
* * * LOW HITPOINT WARNING * * *
Your body deteriorates!
You feel clumsy.
The lich points at you and mumbles some strange words.
You resist with almost no effort. The storm dragon completely misses you.
The storm dragon claws you but does no damage.
The storm dragon misses you. 😱 HP[-64] MP[+3]
You take 64 damage, and now have 23/206 hp.
MASSIVE DAMAGE!! (PAUSE)
You regained 3 mp, and now have 48/53 mp.
You feel much better.
The storm dragon breathes lightning at you.
The bolt of lightning misses you. 😨 HP[+33]
You regained 33 hp, and now have 56/206 hp.
The storm dragon bites you!
* * * LOW HITPOINT WARNING * * *
The storm dragon barely misses you. The storm dragon tramples you.
* * * LOW HITPOINT WARNING * * *
You stumble backwards!
You stop ascending the stairs.
The lich mumbles some strange words.
The lich seems to speed up. 😱 HP[-14] MP[+1]
You take 14 damage, and now have 42/206 hp.
You blink.
The lich casts a spell at you. The bolt of lightning misses you.
Casting: Ignition (dangerous; 4% risk of failure)
Confirm with . or Enter, or press ? or * to list all spells.
Casting: Ignition (dangerous; 4% risk of failure)
Press: ? - help, Dir - look around, f - activate The air bursts into flame!
The fireball engulfs the storm dragon!
The fireball engulfs the lich!! x2; The fireball engulfs the storm dragon! 😱 MP[-8]
You lost 8 mp, and now have 41/53 mp.
Casting: Ignition (dangerous; 4% risk of failure)
Confirm with . or Enter, or press ? or * to list all spells.
Casting: Ignition (dangerous; 4% risk of failure)
Press: ? - help, Dir - look around, f - activate The air bursts into flame!
The fireball engulfs the storm dragon!!
The fireball engulfs the lich!!
You hear a shout!
The lich conjures a glowing orb.
The wavering orb of destruction weakly hits you!!!
You die...

Skill      XL: |  1  2  3  4  5  6  7  8  9 10 11 12 13 14 15 16 17 18 19 20 21 22 23 24 25 |
---------------+----------------------------------------------------------------------------+-----
Spellcasting   | 5 6 7 8 9 10 11 12 13 14 15 16 17 | 17.2
Invocations    | 1 2 3 4 5 6 7 8 9 10 11 12 13 14 15 16 17 | 17.9
Fighting       | 1 2 3 4 5 6 7 8 9 10 11 12 13 14 15 16 | 16.6
Short Blades   | 1 2 3 4 5 6 7 8 9 10 11 12 13 14 15 16 | 16.6
Long Blades    | 1 2 3 4 5 6 7 8 9 10 11 12 13 14 15 16 | 16.6
Axes           | 1 2 3 4 5 6 7 8 9 10 11 12 13 14 15 16 | 16.6
Maces & Flails | 1 2 3 4 5 6 7 8 9 10 11 12 13 14 15 16 | 16.6
Polearms       | 1 2 3 4 5 6 7 8 9 10 11 12 13 14 15 16 | 16.6
Staves         | 1 2 3 4 5 6 7 8 9 10 11 12 13 14 15 16 | 16.6
Slings         | 1 2 3 4 5 6 7 8 9 10 11 12 13 14 15 16 | 16.6
Bows           | 1 2 3 4 5 6 7 8 9 10 11 12 13 14 15 16 | 16.6
Crossbows      | 1 2 3 4 5 6 7 8 9 10 11 12 13 14 15 16 | 16.6
Throwing       | 1 2 3 4 5 6 7 8 9 10 11 12 13 14 15 16 | 16.6
Armour         | 1 2 3 4 5 6 7 8 9 10 11 12 13 14 15 16 | 16.6
Shields        | 1 2 3 4 5 6 7 8 9 10 11 12 13 14 15 16 | 16.6
Unarmed Combat | 1 2 3 4 5 6 7 8 9 10 11 12 13 14 15 16 | 16.6
Evocations     | 1 2 3 4 5 6 7 8 9 10 11 12 13 14 15 16 | 16.6
Hexes          | 1 2 3 4 5 6 7 8 9 10 11 12 13 14 | 14.3
Summonings     | 1 2 3 4 5 6 7 8 9 10 11 12 13 14 | 14.3
Necromancy     | 1 2 3 4 5 6 7 8 9 10 11 12 13 14 | 14.3
Translocations | 1 2 3 4 5 6 7 8 9 10 11 12 13 14 | 14.3
Transmutations | 1 2 3 4 5 6 7 8 9 10 11 12 13 14 | 14.3
Fire Magic     | 1 2 3 4 5 6 7 8 9 10 11 12 13 14 | 14.3
Ice Magic      | 1 2 3 4 5 6 7 8 9 10 11 12 13 14 | 14.3
Air Magic      | 1 2 3 4 5 6 7 8 9 10 11 12 13 14 | 14.3
Earth Magic    | 1 2 3 4 5 6 7 8 9 10 11 12 13 14 | 14.3
Poison Magic   | 1 2 3 4 5 6 7 8 9 10 11 12 13 14 | 14.3
Dodging        | 5 6 7 8 9 10 11 12 13 14 15 16 17 | 17.1
Stealth        | 5 6 7 8 9 10 11 12 13 14 15 16 17 | 17.0
Conjurations   | 8 9 10 11 12 13 14 15 | 15.6

Action                   |  1- 3 |  4- 6 |  7- 9 | 10-12 | 13-15 | 16-18 | 19-21 | 22-24 | 25-27 || total
-------------------------+-------+-------+-------+-------+-------+-------+-------+-------+-------++-------
Melee: Dagger            |       |    10 |       |       |       |       |       |       |       ||    10
       Bite              |       |     2 |       |     4 |    17 |    30 |    36 |    78 |    13 ||   180
       Staff             |       |       |     8 |    13 |    18 |       |       |       |       ||    39
       Punch             |       |       |     1 |       |       |       |       |       |       ||     1
       Trident           |       |       |       |       |   167 |   384 |   309 |   697 |    70 ||  1627
       Quarterstaff      |       |       |       |       |       |       |     3 |       |       ||     3
 Fire: Hand crossbow     |       |       |       |       |       |    18 |     8 |       |       ||    26
Throw: Dart              |       |       |       |       |   263 |   265 |    65 |    35 |       ||   628
       Boomerang         |       |       |       |       |       |       |       |     8 |    69 ||    77
 Cast: Magic Dart        |    53 |   111 |   320 |   356 |   179 |       |       |       |       ||  1019
       Searing Ray       |     2 |    10 |    50 |   121 |   179 |     1 |       |       |       ||   363
       Fulminant Prism   |       |       |     3 |    12 |     8 |     8 |     4 |       |       ||    35
       Iskenderun's Myst |       |       |     3 |    20 |    73 |    51 |    10 |       |       ||   157
       Mephitic Cloud    |       |       |       |     5 |    21 |       |       |       |       ||    26
       Fireball          |       |       |       |     3 |    49 |    23 |    50 |    11 |       ||   136
       Frozen Ramparts   |       |       |       |       |     3 |       |       |       |       ||     3
       Iron Shot         |       |       |       |       |     1 |       |    20 |    24 |       ||    45
       Freezing Cloud    |       |       |       |       |   100 |    87 |    42 |    16 |       ||   245
       Ozocubu's Refrige |       |       |       |       |    64 |   186 |   339 |   230 |   124 ||   943
       Irradiate         |       |       |       |       |       |     3 |    37 |    18 |     2 ||    60
       Airstrike         |       |       |       |       |       |       |     6 |       |       ||     6
       Ignition          |       |       |       |       |       |       |       |    30 |    43 ||    73
       Lehudib's Crystal |       |       |       |       |       |       |       |     1 |     3 ||     4
 Abil: Evoke Flight      |       |       |       |     4 |     2 |       |     1 |       |       ||     7
       Stop Flying       |       |       |       |     1 |       |       |       |       |       ||     1
       Evoke Blink       |       |       |       |       |       |       |       |       |     2 ||     2
Evoke: Wand              |       |     3 |    22 |     2 |       |       |    12 |       |       ||    39
       Box of beasts     |       |       |       |     1 |       |       |       |       |       ||     1
  Use: Scroll            |       |       |    14 |    11 |    12 |    12 |    16 |    11 |     6 ||    82
       Potion            |       |       |       |       |       |       |     1 |       |     1 ||     2
 Stab: Sleeping          |       |       |       |       |     2 |     4 |     3 |    24 |     1 ||    34
       Confused          |       |       |       |       |     1 |       |       |       |       ||     1
       Distracted        |       |       |       |       |     1 |       |       |     3 |       ||     4
       Invisible         |       |       |       |       |       |     3 |     1 |     7 |       ||    11
Armor: Robe              |       |     9 |     5 |       |       |       |       |       |       ||    14
       Ring mail         |       |       |    44 |    63 |   140 |    38 |       |       |       ||   285
       Acid dragon scale |       |       |       |       |       |    54 |   113 |   118 |    32 ||   317
Dodge: Dodged            |     4 |    26 |    81 |   134 |   237 |   191 |   159 |   314 |    73 ||  1219
Block: Buckler           |       |       |       |    35 |   100 |    48 |     9 |   269 |    57 ||   518
       Kite shield       |       |       |       |       |       |   103 |   145 |       |       ||   248

Levels and vault maps discovered:
D:1:      onia_arrival_zoo_common, layout_loops_ring, palyth_stone_intersect,
          minmay_tetromino_o2
D:2:      kb_forest_paths, layout_basic, good_gods_mini_temple, tgw_xom,
          corexii_corridor_pit, grunt_ministairs_2, uniq_jessica
D:3:      layout_loops_ring, dk_yredelemnul_ordeal, uniq_crazy_yiuf_cottage
D:4:      layout_cave_pods, minivault_23, uniq_grinder
D:5:      layout_basic, nicolae_overflow_hidden_temple,
          gammafunk_ghost_nasty_kobolds
D:6:      layout_loops_corners, temple_pool_b, biasface_ghost_orc_armoury,
          portal_sewer_entry_e, uniq_blork_the_orc
D:7:      layout_loops_cross, enter_ossuary_2, wad_rectangle_vault
D:8:      minmay_the_grid_octo_2x2 [minmay_the_grid_octo_concentric,
          minmay_the_grid_octo_thin_diamonds, minmay_the_grid_octo_empty,
          minmay_the_grid_octo_prize_star], layout_loops_cross
D:9:      layout_long_grid, marbit_many_paths, serial_shops, shop, trog_book
D:10:     layout_basic, zombieorc2_lemuel, enter_bailey_2, grunt_decor_junction
D:11:     minmay_goldmine, layout_loops_cross, dpeg_lair_monsters,
          kennysheep_generic_room_10, uniq_nergalle
D:12:     layout_roguey
D:13:     layout_rooms
D:14:     layout_roguey, lightli_vaults_fourway_checkpoint,
          gauntlet_entry_generic, uniq_roxanne
D:15:     hangedman_depths_entry_try_elsewhere_first, layout_rooms,
          lemuel_round_altar, basic_altar
Temple:   dshaligram_water_room_temple
Lair:1:   layout_gridlike, uniq_maggie
Lair:2:   layout_hall_layers, minmay_snake_entry_six_corridors,
          grunt_megastairs_4
Lair:3:   layout_gridlike, serial_bayou_shore_a, infiniplex_staircase_pool,
          lemuel_fruit_fields
Lair:4:   layout_cave_pods, skrybe_swamp_entry_bodies, special_room
          [special_room_mythical_zoo]
Lair:5:   layout_cave_pods, minmay_slime_entry_pillars, serial_rivers,
          chequers_serial_rivers_marsh, chequers_serial_rivers_micro_e,
          chequers_serial_rivers_micro_b, chequers_serial_rivers_micro_a,
          chequers_serial_rivers_micro_d, chequers_serial_rivers_micro_a
Lair:6:   evilmike_catoblepas_cave, layout_gridlike, grunt_megastairs_3
Swamp:1:  layout_basic_swamp, nicolae_swamp_triple_paths, swamp_pool3,
          infiniplex_staircase_pool_2, uniq_jorgrun
Swamp:2:  layout_basic_swamp, nicolae_swamp_round_clearing, swamp_pool1
Swamp:3:  layout_basic_swamp, evilmike_swamp_ruin_rubble_1, swamp_pool5
Swamp:4:  swamp_alternative, layout_basic_swamp, ebering_ghost_inner_flame,
          swamp_pool1, uniq_bai_suzhen
Snake:1:  layout_cave_shapes
Snake:2:  layout_onion, serial_bayou_pond_d, drop_trap, minmay_shoptagon,
          uniq_aizul
Snake:3:  layout_layer_cave
Snake:4:  snake_pit_salamanders_mu, layout_cave_town, serial_shops,
          nicolae_shop_statue_plus, uniq_vashnia
Slime:1:  layout_caves
Slime:2:  layout_caves, nicolae_slime_phagocytosis
Slime:3:  layout_caves, dissolution_awaits
Slime:4:  layout_caves
Slime:5
Orc:1:    layout_caves, portal_ice_cave_entry_ice_beasts, mines1_david
Orc:2:    kennysheep_orc_mage_school, layout_diamond_mine, basic_altar,
          guppyfry_orc_lava_fort
Elf:1:    layout_loops_cross, minmay_elf_demonology
Elf:2:    layout_loops_corners, serial_aquarium, aquarium_bridge_square
          [aquarium_subvault_bridge, aquarium_subvault_window,
          aquarium_subvault_window, aquarium_subvault_wall],
          aquarium_window_fake, aquarium_window_corner, aquarium_window_2,
          aquarium_window_2, aquarium_view_2c, aquarium_view_2d,
          aquarium_balcony_3b, serial_shops, nicolae_shop_stone
Elf:3:    minmay_elf_hall_golems, layout_rooms, serial_aquarium,
          aquarium_bridge_square [aquarium_subvault_balcony,
          aquarium_subvault_bridge, aquarium_subvault_window,
          aquarium_subvault_window], aquarium_bridge_square
          [aquarium_subvault_wall, aquarium_subvault_bridge,
          aquarium_subvault_wall, aquarium_subvault_balcony], aquarium_window_1,
          aquarium_window_fake, aquarium_window_corner, aquarium_view_4,
          aquarium_view_2b, aquarium_pool_side, nicolae_elf_big_sculpture_2,
          minivault_23
Vaults:1: hangedman_vaults_maws, v_misc_14, nicolae_vaults_alarming, v_misc_5,
          v_pattern_1, ontoclasm_vaults_eye,
          nicolae_vaults_windows_and_doors_thing,
          ontoclasm_vaults_decontamination, ontoclasm_vaults_ring_square,
          vaults_dpeg_spiral, ontoclasm_vaults_pinch, vaults_room_hallway,
          vaults_room_door_ring, layout_vaults_big_cross
Vaults:2: gammafunk_vaults_ghost_tricky_traps,
          nicolae_vaults_diagonal_hallway_7, nicolae_vaults_little_squares_5,
          ontoclasm_vaults_bender, hangedman_vaults_slice,
          ontoclasm_vaults_loading_screen, grunt_vaults_funnel,
          minmay_crypt_entry_simple_walls, hangedman_vaults_trim,
          ontoclasm_vaults_chip, nicolae_vaults_circle_grid_b, v_rooms_1,
          v_misc_27, grunt_vaults_diagonal, layout_vaults_maze_bifur,
          serial_shops, shop, uniq_sojobo
Vaults:3: nicolae_vaults_holding_cells, nicolae_vaults_stairing_the_circle,
          v_rooms_5, v_misc_1, vaults_dpeg_diagonal, hangedman_vaults_snaps,
          nicolae_vaults_network_periphery, vaults_mumra_lcd,
          nicolae_vaults_diagonal_hallway_8, vaults_room_door_ring, v_pattern_3,
          vaults_room_stairs_pillars, layout_vaults_ring
Vaults:4: hangedman_vaults_locks, vaults_room_fours,
          vaults_room_mumra_shop_pool, nicolae_vaults_little_squares_2,
          vaults_dpeg_ring, layout_vaults_chaotic_city
Vaults:5
Depths:1: layout_small_grid, enter_ziggurat_a, hell_entry, corner_web_ring,
          hangedman_devilish_allure, minmay_shop_grove, uniq_mara
Depths:2: minmay_sliced_demisemicircle, layout_gridlike,
          minmay_staircase_statues_hall_large, hangedman_coc_ice_floe,
          hangedman_decor_clover_reticule, serial_bayou_shore_b, uniq_nikola
Depths:3: minmay_guarded_unrand_majin_bo, layout_long_grid,
          roderic_nine_men_s_morris, pan_entry, hell_entry,
          minmay_crystal_water, infiniplex_staircase_river, minmay_shop_star
Depths:4: kennysheep_ogre_elephant_herders, layout_cave_shapes,
          abyss_entry_glasseish, corexii_leaking_fountain, hell_entry,
          infiniplex_staircase_hallway_doors, uniq_frederick, uniq_boris,
          uniq_jory

Notes
Turn   | Place    | Note
-------+----------+-------------------------------------------
     0 | D:1      | phalm the Gnoll Conjurer began the quest for the Orb.
     0 | D:1      | Reached XP level 1. HP: 13/13 MP: 6/6
     0 | D:1      | magus.rc [v1.9.10]
     6 | D:1      | Noticed a water moccasin
     6 | D:1      | Noticed a polar bear
     6 | D:1      | Noticed a komodo dragon
     7 | D:1      | Noticed a wolf
     7 | D:1      | Noticed a killer bee
   193 | D:1      | Reached XP level 2. HP: 19/19 MP: 5/7
   196 | D:1      | Learned a level 2 spell: Searing Ray
   990 | D:2      | Reached XP level 3. HP: 25/25 MP: 7/9
  1067 | D:2      | Reached skill level 5 in Spellcasting
  1367 | D:2      | Reached skill level 1 in Invocations
  1516 | D:2      | Found a glowing golden altar of the Shining One.
  1516 | D:2      | Found a glowing silver altar of Zin.
  1517 | D:2      | Found a white marble altar of Elyvilon.
  1654 | D:2      | Reached skill level 1 in Fighting
  1654 | D:2      | Reached skill level 1 in Short Blades
  1654 | D:2      | Reached skill level 1 in Long Blades
  1654 | D:2      | Reached skill level 1 in Axes
  1654 | D:2      | Reached skill level 1 in Maces & Flails
  1654 | D:2      | Reached skill level 1 in Polearms
  1654 | D:2      | Reached skill level 1 in Staves
  1654 | D:2      | Reached skill level 1 in Slings
  1654 | D:2      | Reached skill level 1 in Bows
  1654 | D:2      | Reached skill level 1 in Crossbows
  1654 | D:2      | Reached skill level 1 in Throwing
  1654 | D:2      | Reached skill level 1 in Armour
  1654 | D:2      | Reached skill level 1 in Shields
  1654 | D:2      | Reached skill level 1 in Unarmed Combat
  1654 | D:2      | Reached skill level 1 in Evocations
  1654 | D:2      | Reached XP level 4. HP: 32/32 MP: 7/11
  1892 | D:2      | Found a shimmering altar of Xom.
  1939 | D:2      | Noticed Jessica
  1945 | D:2      | Killed Jessica
  1946 | D:2      | Reached skill level 1 in Hexes
  1946 | D:2      | Reached skill level 1 in Summonings
  1946 | D:2      | Reached skill level 1 in Necromancy
  1946 | D:2      | Reached skill level 1 in Translocations
  1946 | D:2      | Reached skill level 1 in Transmutations
  1946 | D:2      | Reached skill level 1 in Fire Magic
  1946 | D:2      | Reached skill level 1 in Ice Magic
  1946 | D:2      | Reached skill level 1 in Air Magic
  1946 | D:2      | Reached skill level 1 in Earth Magic
  1946 | D:2      | Reached skill level 1 in Poison Magic
  2072 | D:2      | Learned a level 4 spell: Fulminant Prism
  2077 | D:2      | Learned a level 4 spell: Iskenderun's Mystic Blast
  2709 | D:3      | Reached XP level 5. HP: 37/37 MP: 8/12
  3630 | D:3      | Found a runed translucent door.
  3631 | D:3      | Noticed Crazy Yiuf
  3734 | D:3      | Noticed a human
  3735 | D:3      | Found a runed translucent door.
  3769 | D:3      | Found a basalt altar of Yredelemnul.
  3793 | D:3      | Killed a human
  3794 | D:3      | Reached skill level 2 in Fighting
  3794 | D:3      | Reached skill level 2 in Short Blades
  3794 | D:3      | Reached skill level 2 in Long Blades
  3794 | D:3      | Reached skill level 2 in Axes
  3794 | D:3      | Reached skill level 2 in Maces & Flails
  3794 | D:3      | Reached skill level 2 in Polearms
  3794 | D:3      | Reached skill level 2 in Staves
  3794 | D:3      | Reached skill level 2 in Slings
  3794 | D:3      | Reached skill level 2 in Bows
  3794 | D:3      | Reached skill level 2 in Crossbows
  3794 | D:3      | Reached skill level 2 in Throwing
  3794 | D:3      | Reached skill level 2 in Armour
  3794 | D:3      | Reached skill level 5 in Dodging
  3794 | D:3      | Reached skill level 2 in Shields
  3794 | D:3      | Reached skill level 2 in Unarmed Combat
  3794 | D:3      | Reached skill level 2 in Invocations
  3794 | D:3      | Reached skill level 2 in Evocations
  3794 | D:3      | Reached XP level 6. HP: 28/44 MP: 8/14
  4128 | D:3      | Killed Crazy Yiuf
  4459 | D:4      | Reached XP level 7. HP: 50/50 MP: 8/15
  4707 | D:4      | Reached skill level 2 in Hexes
  4707 | D:4      | Reached skill level 2 in Summonings
  4707 | D:4      | Reached skill level 2 in Necromancy
  4707 | D:4      | Reached skill level 2 in Translocations
  4707 | D:4      | Reached skill level 2 in Transmutations
  4707 | D:4      | Reached skill level 2 in Fire Magic
  4707 | D:4      | Reached skill level 2 in Ice Magic
  4707 | D:4      | Reached skill level 2 in Air Magic
  4707 | D:4      | Reached skill level 2 in Earth Magic
  4707 | D:4      | Reached skill level 2 in Poison Magic
  5035 | D:4      | Noticed Grinder
  5036 | D:4      | Paralysed by Grinder for 5 turns
  5054 | D:4      | Killed Grinder
  5055 | D:4      | Reached skill level 5 in Stealth
  5055 | D:4      | Reached skill level 3 in Invocations
  5178 | D:4      | Reached XP level 8. HP: 57/57 MP: 10/16
  5269 | D:4      | Reached skill level 3 in Fighting
  5269 | D:4      | Reached skill level 3 in Short Blades
  5269 | D:4      | Reached skill level 3 in Long Blades
  5269 | D:4      | Reached skill level 3 in Axes
  5269 | D:4      | Reached skill level 3 in Maces & Flails
  5269 | D:4      | Reached skill level 3 in Polearms
  5269 | D:4      | Reached skill level 3 in Staves
  5269 | D:4      | Reached skill level 3 in Slings
  5269 | D:4      | Reached skill level 3 in Bows
  5269 | D:4      | Reached skill level 3 in Crossbows
  5269 | D:4      | Reached skill level 3 in Throwing
  5269 | D:4      | Reached skill level 3 in Armour
  5269 | D:4      | Reached skill level 3 in Shields
  5269 | D:4      | Reached skill level 3 in Unarmed Combat
  5269 | D:4      | Reached skill level 3 in Evocations
  5823 | D:5      | Entered Level 5 of the Dungeon
  5882 | D:5      | Found a runed translucent gate.
  5882 | D:5      | Found a runed translucent gate.
  5882 | D:5      | Identified the +1 dagger of Kussim {chaos, rElec Str+3}
  5884 | D:5      | Noticed hawla's ghost (amateur MiBe)
  5886 | D:5      | Found a runed translucent gate.
  6150 | D:5      | Reached skill level 6 in Spellcasting
  6542 | D:5      | Found a sparkling altar of Nemelex Xobeh.
  6544 | D:5      | Found an opulent altar of Gozag.
  6698 | D:5      | Found a basalt altar of Yredelemnul.
  6700 | D:5      | Found a snail-covered altar of Cheibriados.
  6879 | D:5      | You pick up a book of Necromancy and begin reading...
  6879 | D:5      | You add the spells Pain, Animate Skeleton, Vampiric
                  | Draining, Animate Dead and Agony to your library.
  6889 | D:5      | Got a faintly humming ring mail
  6900 | D:5      | Identified the +4 ring mail of Fedhas's Fury {Str+4 Int+2}
                  | (You found it on level 5 of the Dungeon)
  7066 | D:6      | Found a staircase to the Ecumenical Temple.
  7110 | D:6      | Noticed Blork the orc
  7113 | D:6      | Killed Blork the orc
  7167 | D:6      | Reached skill level 4 in Invocations
  7168 | D:6      | Reached skill level 3 in Hexes
  7168 | D:6      | Reached skill level 3 in Summonings
  7168 | D:6      | Reached skill level 3 in Necromancy
  7168 | D:6      | Reached skill level 3 in Translocations
  7168 | D:6      | Reached skill level 3 in Transmutations
  7168 | D:6      | Reached skill level 3 in Fire Magic
  7168 | D:6      | Reached skill level 3 in Ice Magic
  7168 | D:6      | Reached skill level 3 in Air Magic
  7168 | D:6      | Reached skill level 3 in Earth Magic
  7168 | D:6      | Reached skill level 3 in Poison Magic
  7265 | D:6      | Found a runed translucent gate.
  7266 | D:6      | Found a runed translucent gate.
  7267 | D:6      | Found a runed translucent gate.
  7268 | D:6      | Noticed Beepinex's ghost (novice DECj)
  7285 | D:6      | Found a roughly hewn altar of Beogh.
  7318 | D:6      | Found a glowing drain.
  7324 | Sewer    | Entered a sewer
  7678 | Sewer    | Reached skill level 6 in Dodging
  7973 | Sewer    | Reached XP level 9. HP: 65/65 MP: 12/18
  8409 | D:6      | Reached skill level 4 in Fighting
  8409 | D:6      | Reached skill level 4 in Short Blades
  8409 | D:6      | Reached skill level 4 in Long Blades
  8409 | D:6      | Reached skill level 4 in Axes
  8409 | D:6      | Reached skill level 4 in Maces & Flails
  8409 | D:6      | Reached skill level 4 in Polearms
  8409 | D:6      | Reached skill level 4 in Staves
  8409 | D:6      | Reached skill level 4 in Slings
  8409 | D:6      | Reached skill level 4 in Bows
  8409 | D:6      | Reached skill level 4 in Crossbows
  8409 | D:6      | Reached skill level 4 in Throwing
  8409 | D:6      | Reached skill level 4 in Armour
  8409 | D:6      | Reached skill level 4 in Shields
  8409 | D:6      | Reached skill level 4 in Unarmed Combat
  8409 | D:6      | Reached skill level 4 in Evocations
  8670 | Temple   | Entered the Ecumenical Temple
  8810 | Temple   | Became a worshipper of Vehumet
  8821 | D:6      | magus.rc [v1.9.10]
  9558 | D:6      | Reached skill level 6 in Stealth
  9558 | D:6      | Reached skill level 8 in Conjurations
  9753 | D:7      | Found a sand-covered staircase.
  9758 | Ossuary  | Entered an ossuary
 10103 | D:7      | Reached * piety under Vehumet
 10103 | D:7      | Offered knowledge of Foxfire by Vehumet.
 10597 | D:7      | Reached skill level 5 in Invocations
 10855 | D:7      | You pick up a book of Necromancy and begin reading...
 11232 | D:7      | Reached skill level 7 in Spellcasting
 11521 | D:8      | Reached XP level 10. HP: 73/73 MP: 10/20
 11583 | D:8      | Reached skill level 4 in Hexes
 11583 | D:8      | Reached skill level 4 in Summonings
 11583 | D:8      | Reached skill level 4 in Necromancy
 11583 | D:8      | Reached skill level 4 in Translocations
 11583 | D:8      | Reached skill level 4 in Transmutations
 11583 | D:8      | Reached skill level 4 in Fire Magic
 11583 | D:8      | Reached skill level 4 in Ice Magic
 11583 | D:8      | Reached skill level 4 in Air Magic
 11583 | D:8      | Reached skill level 4 in Earth Magic
 11583 | D:8      | Reached skill level 4 in Poison Magic
 11742 | D:8      | Noticed a cyclops
 11747 | D:8      | Reached skill level 5 in Fighting
 11747 | D:8      | Reached skill level 5 in Short Blades
 11747 | D:8      | Reached skill level 5 in Long Blades
 11747 | D:8      | Reached skill level 5 in Axes
 11747 | D:8      | Reached skill level 5 in Maces & Flails
 11747 | D:8      | Reached skill level 5 in Polearms
 11747 | D:8      | Reached skill level 5 in Staves
 11747 | D:8      | Reached skill level 5 in Slings
 11747 | D:8      | Reached skill level 5 in Bows
 11747 | D:8      | Reached skill level 5 in Crossbows
 11747 | D:8      | Reached skill level 5 in Throwing
 11747 | D:8      | Reached skill level 5 in Armour
 11747 | D:8      | Reached skill level 5 in Shields
 11747 | D:8      | Reached skill level 5 in Unarmed Combat
 11747 | D:8      | Reached skill level 5 in Evocations
 11748 | D:8      | Noticed a cyclops
 11749 | D:8      | Offered knowledge of Freeze by Vehumet.
 11752 | D:8      | Killed a cyclops
 11752 | D:8      | Reached ** piety under Vehumet
 11753 | D:8      | Reached skill level 7 in Dodging
 11753 | D:8      | Killed a cyclops
 11933 | D:8      | Noticed a two-headed ogre
 11945 | D:8      | Killed a two-headed ogre
 11946 | D:8      | Reached skill level 7 in Stealth
 11946 | D:8      | Reached skill level 6 in Invocations
 12273 | D:8      | Offered knowledge of Mephitic Cloud by Vehumet.
 12278 | D:8      | Learned a level 3 spell: Mephitic Cloud
 12290 | D:8      | You pick up a book of Flames and begin reading...
 12290 | D:8      | You add the spells Foxfire, Conjure Flame, Inner Flame,
                  | Sticky Flame and Fireball to your library.
 12297 | D:8      | Learned a level 5 spell: Fireball
 12643 | D:8      | Noticed a two-headed ogre
 12648 | D:8      | Killed a two-headed ogre
 12649 | D:8      | Reached XP level 11. HP: 63/81 MP: 22/22
 13092 | D:9      | Found Esiq Neo's Gadget Boutique.
 13170 | D:9      | Noticed a two-headed ogre
 13179 | D:9      | Killed a two-headed ogre
 13179 | D:9      | Reached *** piety under Vehumet
 13180 | D:9      | Reached skill level 6 in Fighting
 13180 | D:9      | Reached skill level 6 in Short Blades
 13180 | D:9      | Reached skill level 6 in Long Blades
 13180 | D:9      | Reached skill level 6 in Axes
 13180 | D:9      | Reached skill level 6 in Maces & Flails
 13180 | D:9      | Reached skill level 6 in Polearms
 13180 | D:9      | Reached skill level 6 in Staves
 13180 | D:9      | Reached skill level 6 in Slings
 13180 | D:9      | Reached skill level 6 in Bows
 13180 | D:9      | Reached skill level 6 in Crossbows
 13180 | D:9      | Reached skill level 6 in Throwing
 13180 | D:9      | Reached skill level 6 in Armour
 13180 | D:9      | Reached skill level 6 in Shields
 13180 | D:9      | Reached skill level 6 in Unarmed Combat
 13180 | D:9      | Reached skill level 5 in Hexes
 13180 | D:9      | Reached skill level 5 in Summonings
 13180 | D:9      | Reached skill level 5 in Necromancy
 13180 | D:9      | Reached skill level 5 in Translocations
 13180 | D:9      | Reached skill level 5 in Transmutations
 13180 | D:9      | Reached skill level 5 in Fire Magic
 13180 | D:9      | Reached skill level 5 in Ice Magic
 13180 | D:9      | Reached skill level 5 in Air Magic
 13180 | D:9      | Reached skill level 5 in Earth Magic
 13180 | D:9      | Reached skill level 5 in Poison Magic
 13180 | D:9      | Reached skill level 6 in Evocations
 13182 | D:9      | Reached skill level 8 in Spellcasting
 13452 | D:9      | Offered knowledge of Frozen Ramparts by Vehumet.
 13457 | D:9      | Learned a level 3 spell: Frozen Ramparts
 13760 | D:9      | Found a bloodstained altar of Trog.
 14333 | D:9      | Found a bloodstained altar of Trog.
 14356 | D:10     | Entered Level 10 of the Dungeon
 14395 | D:10     | Found a flagged portal.
 14403 | Bailey   | Entered a bailey
 14431 | Bailey   | Reached **** piety under Vehumet
 14445 | Bailey   | Found an iron altar of Okawaru.
 14454 | Bailey   | Offered knowledge of Airstrike by Vehumet.
 14455 | Bailey   | Reached skill level 9 in Conjurations
 14455 | Bailey   | Reached skill level 7 in Invocations
 14709 | Bailey   | Reached skill level 8 in Dodging
 15074 | Bailey   | Acquired the ring "Gaypsewi" {rC+++ Will+ Str-2 Dex-3
                  | Slay+6}
 15099 | Bailey   | Reached ***** piety under Vehumet
 15668 | D:10     | Offered knowledge of Hailstorm by Vehumet.
 16070 | D:10     | Found a staircase to the Orcish Mines.
 17053 | D:11     | Noticed a green ugly thing
 17053 | D:11     | Noticed Nergalle
 17063 | D:11     | Killed a green ugly thing
 17064 | D:11     | Reached skill level 8 in Stealth
 17067 | D:11     | Killed Nergalle
 17162 | D:11     | magus.rc [v1.9.10]
 17677 | D:11     | Noticed a death yak
 17677 | D:11     | Noticed a death yak
 17677 | D:11     | Noticed a death yak
 17684 | D:11     | Noticed a purple ugly thing
 17694 | D:11     | HP: 17/83 [death yak (12)]
 17696 | D:11     | HP: 7/83 [death yak (11)]
 17707 | D:11     | HP: 3/83 [something (6)]
 17711 | D:11     | Killed a purple ugly thing
 17711 | D:11     | Killed an unseen horror
 17712 | D:11     | Reached XP level 12. HP: 5/89 MP: 5/24
 17726 | D:11     | Killed a death yak
 17727 | D:11     | Reached skill level 7 in Fighting
 17727 | D:11     | Reached skill level 7 in Short Blades
 17727 | D:11     | Reached skill level 7 in Long Blades
 17727 | D:11     | Reached skill level 7 in Axes
 17727 | D:11     | Reached skill level 7 in Maces & Flails
 17727 | D:11     | Reached skill level 7 in Polearms
 17727 | D:11     | Reached skill level 7 in Staves
 17727 | D:11     | Reached skill level 7 in Slings
 17727 | D:11     | Reached skill level 7 in Bows
 17727 | D:11     | Reached skill level 7 in Crossbows
 17727 | D:11     | Reached skill level 7 in Throwing
 17727 | D:11     | Reached skill level 7 in Armour
 17727 | D:11     | Reached skill level 7 in Shields
 17727 | D:11     | Reached skill level 7 in Unarmed Combat
 17727 | D:11     | Reached skill level 7 in Evocations
 17731 | D:11     | Killed a death yak
 17735 | D:11     | Killed a death yak
 18272 | D:11     | Found a staircase to the Lair.
 18453 | D:11     | Reached skill level 6 in Hexes
 18453 | D:11     | Reached skill level 6 in Summonings
 18453 | D:11     | Reached skill level 6 in Necromancy
 18453 | D:11     | Reached skill level 6 in Translocations
 18453 | D:11     | Reached skill level 6 in Transmutations
 18453 | D:11     | Reached skill level 6 in Fire Magic
 18453 | D:11     | Reached skill level 6 in Ice Magic
 18453 | D:11     | Reached skill level 6 in Air Magic
 18453 | D:11     | Reached skill level 6 in Earth Magic
 18453 | D:11     | Reached skill level 6 in Poison Magic
 18533 | Lair:1   | Entered Level 1 of the Lair of Beasts
 18695 | Lair:1   | Reached skill level 8 in Invocations
 18748 | Lair:1   | You pick up a book of Misfortune and begin reading...
 18748 | Lair:1   | You add the spells Confusing Touch, Gell's Gravitas,
                  | Petrify, Metabolic Englaciation and Yara's Violent
                  | Unravelling to your library.
 18918 | Lair:1   | Offered knowledge of Iron Shot by Vehumet.
 18926 | Lair:1   | Learned a level 6 spell: Iron Shot
 19119 | Lair:1   | Reached skill level 9 in Spellcasting
 19385 | Lair:1   | Noticed Maggie
 19398 | Lair:1   | Killed Maggie
 20008 | Lair:2   | Reached skill level 9 in Dodging
 20008 | Lair:2   | Noticed a six-headed hydra
 20017 | Lair:2   | Killed a six-headed hydra
 20033 | Lair:2   | HP: 23/92 [elephant (15)]
 20043 | Lair:2   | Reached skill level 9 in Stealth
 20043 | Lair:2   | Reached XP level 13. HP: 27/98 MP: 11/26
 20329 | Lair:2   | Found a staircase to the Snake Pit.
 20624 | Lair:2   | Reached skill level 8 in Fighting
 20624 | Lair:2   | Reached skill level 8 in Short Blades
 20624 | Lair:2   | Reached skill level 8 in Long Blades
 20624 | Lair:2   | Reached skill level 8 in Axes
 20624 | Lair:2   | Reached skill level 8 in Maces & Flails
 20624 | Lair:2   | Reached skill level 8 in Polearms
 20624 | Lair:2   | Reached skill level 8 in Staves
 20624 | Lair:2   | Reached skill level 8 in Slings
 20624 | Lair:2   | Reached skill level 8 in Bows
 20624 | Lair:2   | Reached skill level 8 in Crossbows
 20624 | Lair:2   | Reached skill level 8 in Throwing
 20624 | Lair:2   | Reached skill level 8 in Armour
 20624 | Lair:2   | Reached skill level 8 in Shields
 20624 | Lair:2   | Reached skill level 8 in Unarmed Combat
 20624 | Lair:2   | Reached skill level 8 in Evocations
 22160 | Lair:3   | You pick up a book of Power and begin reading...
 22160 | Lair:3   | You add the spells Iskenderun's Battlesphere, Bolt of
                  | Magma, Orb of Destruction and Spellforged Servitor to your
                  | library.
 22168 | Lair:3   | You fall into a shaft and drop 2 floors!
 22262 | Lair:5   | Found a staircase to the Slime Pits.
 22376 | Lair:5   | Reached skill level 9 in Invocations
 22900 | Lair:4   | Reached skill level 10 in Conjurations
 23286 | Lair:4   | Reached skill level 7 in Hexes
 23286 | Lair:4   | Reached skill level 7 in Summonings
 23286 | Lair:4   | Reached skill level 7 in Necromancy
 23286 | Lair:4   | Reached skill level 7 in Translocations
 23286 | Lair:4   | Reached skill level 7 in Transmutations
 23286 | Lair:4   | Reached skill level 7 in Fire Magic
 23286 | Lair:4   | Reached skill level 7 in Ice Magic
 23286 | Lair:4   | Reached skill level 7 in Air Magic
 23286 | Lair:4   | Reached skill level 7 in Earth Magic
 23286 | Lair:4   | Reached skill level 7 in Poison Magic
 23498 | Lair:4   | Found a staircase to the Swamp.
 24404 | Lair:5   | Reached skill level 10 in Spellcasting
 24851 | Lair:5   | Acquired 1132 gold pieces
 25326 | Lair:6   | Entered Level 6 of the Lair of Beasts
 25883 | Lair:6   | Reached XP level 14. HP: 97/106 MP: 28/28
 25904 | Lair:6   | Reached skill level 10 in Dodging
 26301 | Lair:6   | Reached skill level 9 in Fighting
 26301 | Lair:6   | Reached skill level 9 in Short Blades
 26301 | Lair:6   | Reached skill level 9 in Long Blades
 26301 | Lair:6   | Reached skill level 9 in Axes
 26301 | Lair:6   | Reached skill level 9 in Maces & Flails
 26301 | Lair:6   | Reached skill level 9 in Polearms
 26301 | Lair:6   | Reached skill level 9 in Staves
 26301 | Lair:6   | Reached skill level 9 in Slings
 26301 | Lair:6   | Reached skill level 9 in Bows
 26301 | Lair:6   | Reached skill level 9 in Crossbows
 26301 | Lair:6   | Reached skill level 9 in Throwing
 26301 | Lair:6   | Reached skill level 9 in Armour
 26301 | Lair:6   | Reached skill level 9 in Shields
 26301 | Lair:6   | Reached skill level 9 in Unarmed Combat
 26301 | Lair:6   | Reached skill level 9 in Evocations
 26510 | Lair:6   | You pick up a book of Fire and begin reading...
 26510 | Lair:6   | You add the spells Ignite Poison, Starburst and Ignition to
                  | your library.
 26600 | Lair:6   | Reached skill level 10 in Stealth
 27165 | Lair:6   | Reached skill level 10 in Invocations
 27175 | Lair:6   | Reached ****** piety under Vehumet
 27185 | Lair:6   | Offered knowledge of Freezing Cloud by Vehumet.
 27221 | Lair:6   | Learned a level 6 spell: Freezing Cloud
 28232 | Orc:1    | Entered Level 1 of the Orcish Mines
 28232 | Orc:1    | Found a frozen archway.
 28244 | IceCv    | Entered an ice cave
 28296 | IceCv    | magus.rc [v1.9.10]
 28296 | IceCv    | magus.rc [v1.9.10]
 28296 | IceCv    | magus.rc [v1.9.10]
 28851 | IceCv    | Reached skill level 8 in Hexes
 28851 | IceCv    | Reached skill level 8 in Summonings
 28851 | IceCv    | Reached skill level 8 in Necromancy
 28851 | IceCv    | Reached skill level 8 in Translocations
 28851 | IceCv    | Reached skill level 8 in Transmutations
 28851 | IceCv    | Reached skill level 8 in Fire Magic
 28851 | IceCv    | Reached skill level 8 in Ice Magic
 28851 | IceCv    | Reached skill level 8 in Air Magic
 28851 | IceCv    | Reached skill level 8 in Earth Magic
 28851 | IceCv    | Reached skill level 8 in Poison Magic
 29347 | IceCv    | a frost giant comes into view. It is wielding the +8
                  | trident of the Octopus King {venom, rElec rPois Will+}.
 29347 | IceCv    | Noticed a frost giant
 29563 | IceCv    | Aim: a frost giant, wielding the +8 trident of the Octopus
                  | King {venom, rElec rPois Will+} and wearing an uncursed
                  | ring of protection from cold (wandering, hasn't noticed
                  | you)
 29563 | IceCv    | Aim: a frost giant, wielding the +8 trident of the Octopus
                  | King {venom, rElec rPois Will+} and wearing an uncursed
                  | ring of protection from cold (wandering, hasn't noticed
                  | you)
 29563 | IceCv    | Aim: a frost giant, wielding the +8 trident of the Octopus
                  | King {venom, rElec rPois Will+} and wearing an uncursed
                  | ring of protection from cold (wandering, hasn't noticed
                  | you)
 29563 | IceCv    | Here: a frost giant, wielding the +8 trident of the Octopus
                  | King {venom, rElec rPois Will+} and wearing an uncursed
                  | ring of protection from cold (wandering, hasn't noticed
                  | you)
 29563 | IceCv    | Here: a frost giant, wielding the +8 trident of the Octopus
                  | King {venom, rElec rPois Will+} and wearing an uncursed
                  | ring of protection from cold (wandering, hasn't noticed
                  | you)
 29563 | IceCv    | Aim: a frost giant, wielding the +8 trident of the Octopus
                  | King {venom, rElec rPois Will+} and wearing an uncursed
                  | ring of protection from cold (wandering, hasn't noticed
                  | you)
 29563 | IceCv    | Aim: a frost giant, wielding the +8 trident of the Octopus
                  | King {venom, rElec rPois Will+} and wearing an uncursed
                  | ring of protection from cold (wandering, hasn't noticed
                  | you)
 29565 | IceCv    | Aim: a frost giant, wielding the +8 trident of the Octopus
                  | King {venom, rElec rPois Will+} and wearing an uncursed
                  | ring of protection from cold
 29565 | IceCv    | Aim: a frost giant, wielding the +8 trident of the Octopus
                  | King {venom, rElec rPois Will+} and wearing an uncursed
                  | ring of protection from cold
 29565 | IceCv    | Aim: a frost giant, wielding the +8 trident of the Octopus
                  | King {venom, rElec rPois Will+} and wearing an uncursed
                  | ring of protection from cold
 29565 | IceCv    | Aim: a frost giant, wielding the +8 trident of the Octopus
                  | King {venom, rElec rPois Will+} and wearing an uncursed
                  | ring of protection from cold
 29566 | IceCv    | Aim: a frost giant, wielding the +8 trident of the Octopus
                  | King {venom, rElec rPois Will+} and wearing an uncursed
                  | ring of protection from cold (moderately wounded, 2% to
                  | evade)
 29566 | IceCv    | Aim: a frost giant, wielding the +8 trident of the Octopus
                  | King {venom, rElec rPois Will+} and wearing an uncursed
                  | ring of protection from cold (moderately wounded, 2% to
                  | evade)
 29571 | IceCv    | Aim: a frost giant, wielding the +8 trident of the Octopus
                  | King {venom, rElec rPois Will+} and wearing an uncursed
                  | ring of protection from cold (severely wounded, 2% to
                  | evade)
 29571 | IceCv    | Aim: a frost giant, wielding the +8 trident of the Octopus
                  | King {venom, rElec rPois Will+} and wearing an uncursed
                  | ring of protection from cold (severely wounded, 2% to
                  | evade)
 29573 | IceCv    | HP: 24/108 [frost giant/the +8 trident of the Octopus King
                  | {venom, rElec rPois Will+} (33)]
 29574 | IceCv    | Killed a frost giant
 29578 | IceCv    | HP: 17/109 [poisoned by a frost giant]
 29583 | IceCv    | HP: 11/109 [poisoned by a frost giant]
 29589 | IceCv    | HP: 8/109 [poisoned by a frost giant]
 29595 | IceCv    | HP: 5/109 [poisoned by a frost giant]
 29600 | IceCv    | HP: 5/109 [poisoned by a frost giant]
 29607 | IceCv    | HP: 5/109 [poisoned by a frost giant]
 29615 | IceCv    | HP: 5/109 [poisoned by a frost giant]
 29997 | IceCv    | You pick up a book of Flames and begin reading...
 30087 | Orc:1    | Reached XP level 15. HP: 73/115 MP: 29/29
 30540 | Orc:1    | Found a roughly hewn altar of Beogh.
 30577 | Orc:1    | Offered knowledge of Ozocubu's Refrigeration by Vehumet.
 30873 | Orc:2    | Entered Level 2 of the Orcish Mines
 31154 | Orc:2    | Found a roughly hewn altar of Beogh.
 31659 | Orc:2    | Found Utrikiut's Antique Armour Boutique.
 31659 | Orc:2    | Found Beitoviq's Magic Scroll Shoppe.
 31785 | Orc:2    | Bought a warped leather armour for 224 gold pieces
 31785 | Orc:2    | Bought a pair of glowing gloves for 240 gold pieces
 31806 | Orc:2    | Identified the +2 leather armour of Duron {Int+2} (You
                  | bought it in a shop on level 2 of the Orcish Mines)
 31866 | Orc:2    | Found a staircase to the Elven Halls.
 31993 | Orc:2    | Reached skill level 11 in Spellcasting
 32021 | Orc:2    | Learned a level 6 spell: Ozocubu's Refrigeration
 32265 | Orc:2    | Found Wiydwuu's Book Emporium.
 32381 | Orc:2    | Offered knowledge of Eringya's Noxious Bog by Vehumet.
 32455 | Orc:2    | Found a radiant altar of Vehumet.
 32459 | Orc:2    | Identified a +2 robe of the Archmagi
 32499 | Orc:2    | Found Koehay's Book Emporium.
 32512 | Orc:2    | Reached skill level 10 in Fighting
 32512 | Orc:2    | Reached skill level 10 in Short Blades
 32512 | Orc:2    | Reached skill level 10 in Long Blades
 32512 | Orc:2    | Reached skill level 10 in Axes
 32512 | Orc:2    | Reached skill level 10 in Maces & Flails
 32512 | Orc:2    | Reached skill level 10 in Polearms
 32512 | Orc:2    | Reached skill level 10 in Staves
 32512 | Orc:2    | Reached skill level 10 in Slings
 32512 | Orc:2    | Reached skill level 10 in Bows
 32512 | Orc:2    | Reached skill level 10 in Crossbows
 32512 | Orc:2    | Reached skill level 10 in Throwing
 32512 | Orc:2    | Reached skill level 10 in Armour
 32512 | Orc:2    | Reached skill level 10 in Shields
 32512 | Orc:2    | Reached skill level 10 in Unarmed Combat
 32512 | Orc:2    | Reached skill level 10 in Evocations
 32545 | Orc:2    | Found an ancient bone altar of Kikubaaqudgha.
 32656 | Orc:2    | Reached skill level 11 in Dodging
 32691 | Orc:2    | Found Ytzeodee's Magic Scroll Shoppe.
 32691 | Orc:2    | Found a roughly hewn altar of Beogh.
 32735 | Orc:2    | Found Toidwis's Antique Weapon Shoppe.
 32765 | Orc:2    | Bought a glimmering hunting sling for 247 gold pieces
 32765 | Orc:2    | Identified the cursed +1 hunting sling "Eley" {flame,
                  | Str+2} (You bought it in a shop on level 2 of the Orcish
                  | Mines)
 33414 | D:12     | Reached skill level 11 in Conjurations
 33838 | D:12     | Reached skill level 11 in Invocations
 34026 | D:12     | You fall into a shaft and drop 1 floor!
 34377 | D:13     | Reached skill level 11 in Stealth
 34633 | D:13     | Offered knowledge of Lightning Bolt by Vehumet.
 35416 | D:14     | Found a gate leading to a gauntlet.
 35422 | Gauntlet | Entered a Gauntlet
 35422 | Gauntlet | Found a large runed translucent door.
 35422 | Gauntlet | Found a large runed translucent door.
 35422 | Gauntlet | Found a large runed translucent door.
 35422 | Gauntlet | Found a large runed translucent door.
 35422 | Gauntlet | Found a transporter.
 35422 | Gauntlet | Found a runed translucent door.
 35422 | Gauntlet | Found a large runed translucent door.
 35422 | Gauntlet | Found a large runed translucent door.
 35422 | Gauntlet | Found a large runed translucent door.
 35422 | Gauntlet | Found a large runed translucent door.
 35422 | Gauntlet | Found a runed translucent gate.
 35422 | Gauntlet | Found a runed translucent gate.
 35422 | Gauntlet | Found a transporter.
 35422 | Gauntlet | Found a transporter.
 35437 | Gauntlet | Found a transporter.
 35438 | Gauntlet | Found a transporter.
 35441 | Gauntlet | Found a transporter.
 35445 | Gauntlet | Found a runed translucent door.
 35445 | Gauntlet | Found a runed translucent door.
 35447 | Gauntlet | Found a transporter.
 35449 | Gauntlet | Found a transporter.
 35450 | Gauntlet | Found a transporter.
 35452 | Gauntlet | Found a transporter.
 35456 | Gauntlet | Found a runed translucent door.
 35458 | Gauntlet | Found a runed translucent door.
 35460 | Gauntlet | Found a transporter.
 35461 | Gauntlet | Found a transporter.
 35505 | Gauntlet | Found a runed translucent gate.
 35506 | Gauntlet | Found a large runed translucent door.
 35506 | Gauntlet | Found a large runed translucent door.
 35507 | Gauntlet | Found a large runed translucent door.
 35508 | Gauntlet | Found a large runed translucent door.
 35509 | Gauntlet | Found a large runed translucent door.
 35509 | Gauntlet | Found a large runed translucent door.
 35509 | Gauntlet | Found a runed translucent door.
 35510 | Gauntlet | Found a large runed translucent door.
 35511 | Gauntlet | Found a large runed translucent door.
 35603 | Gauntlet | magus.rc [v1.9.10]
 35603 | Gauntlet | magus.rc [v1.9.10]
 35603 | Gauntlet | magus.rc [v1.9.10]
 35610 | Gauntlet | magus.rc [v1.9.10]
 35613 | Gauntlet | magus.rc [v1.9.10]
 35614 | Gauntlet | magus.rc [v1.9.10]
 35623 | Gauntlet | magus.rc [v1.9.10]
 35623 | Gauntlet | magus.rc [v1.9.10]
 35623 | Gauntlet | magus.rc [v1.9.10]
 35847 | Gauntlet | Got a transparent marble ring
 35851 | Gauntlet | Identified the ring "Xoxzeuq" {Wiz *Corrode rC+++ rN+
                  | Stlth+} (You found it in a Gauntlet)
 36222 | Gauntlet | You pick up a book of Air and begin reading...
 36222 | Gauntlet | You add the spells Shock, Swiftness, Static Discharge,
                  | Airstrike and Lightning Bolt to your library.
 36222 | Gauntlet | You pick up a book of Debilitation and begin reading...
 36222 | Gauntlet | You add the spells Corona, Slow, Portal Projectile, Cause
                  | Fear and Leda's Liquefaction to your library.
 36316 | D:14     | Found a gate to the Vaults.
 36319 | D:14     | Reached XP level 16. HP: 123/123 MP: 31/31
 36369 | D:14     | You pick up a book of Conjurations and begin reading...
 36455 | D:14     | Reached skill level 9 in Hexes
 36455 | D:14     | Reached skill level 9 in Summonings
 36455 | D:14     | Reached skill level 9 in Necromancy
 36455 | D:14     | Reached skill level 9 in Translocations
 36455 | D:14     | Reached skill level 9 in Transmutations
 36455 | D:14     | Reached skill level 9 in Fire Magic
 36455 | D:14     | Reached skill level 9 in Ice Magic
 36455 | D:14     | Reached skill level 9 in Air Magic
 36455 | D:14     | Reached skill level 9 in Earth Magic
 36455 | D:14     | Reached skill level 9 in Poison Magic
 36783 | D:14     | Noticed Roxanne
 36816 | D:14     | Killed Roxanne
 36888 | D:14     | You pick up a book of the Earth and begin reading...
 36888 | D:14     | You add the spells Statue Form and Shatter to your library.
 37108 | D:15     | Entered Level 15 of the Dungeon
 37461 | D:15     | Found an opulent altar of Gozag.
 37676 | D:15     | Found a hide-covered altar of Uskayaw.
 37836 | D:15     | HP: 17/124 [dire elephant (25)]
 38220 | D:15     | Offered knowledge of Conjure Ball Lightning by Vehumet.
 38327 | D:15     | Found a staircase to the Depths.
 38606 | Swamp:1  | Entered Level 1 of the Swamp
 38619 | Swamp:1  | Noticed Jorgrun
 38625 | Swamp:1  | Killed Jorgrun
 38809 | Swamp:1  | Reached skill level 11 in Fighting
 38809 | Swamp:1  | Reached skill level 11 in Short Blades
 38809 | Swamp:1  | Reached skill level 11 in Long Blades
 38809 | Swamp:1  | Reached skill level 11 in Axes
 38809 | Swamp:1  | Reached skill level 11 in Maces & Flails
 38809 | Swamp:1  | Reached skill level 11 in Polearms
 38809 | Swamp:1  | Reached skill level 11 in Staves
 38809 | Swamp:1  | Reached skill level 11 in Slings
 38809 | Swamp:1  | Reached skill level 11 in Bows
 38809 | Swamp:1  | Reached skill level 11 in Crossbows
 38809 | Swamp:1  | Reached skill level 11 in Throwing
 38809 | Swamp:1  | Reached skill level 11 in Armour
 38809 | Swamp:1  | Reached skill level 11 in Shields
 38809 | Swamp:1  | Reached skill level 11 in Unarmed Combat
 38809 | Swamp:1  | Reached skill level 11 in Evocations
 39160 | Swamp:1  | Reached skill level 12 in Spellcasting
 39811 | Swamp:2  | Reached skill level 12 in Invocations
 40110 | Swamp:2  | Reached skill level 12 in Dodging
 40650 | Swamp:2  | Acquired 774 gold pieces
 40780 | Swamp:3  | Reached XP level 17. HP: 131/131 MP: 30/33
 41766 | Snake:1  | Entered Level 1 of the Snake Pit
 41770 | Snake:1  | Reached skill level 12 in Stealth
 41802 | Lair:2   | Learned a level 4 spell: Airstrike
 42142 | Snake:2  | Found Raiwieg's Distillery.
 42143 | Snake:2  | Noticed Aizul
 42145 | Snake:2  | Found Oxta's Weapon Emporium.
 42145 | Snake:2  | Found Vokhliku's Book Shoppe.
 42154 | Snake:2  | Killed Aizul
 42306 | Snake:2  | Found Atumigoxiv's Distillery.
 42310 | Snake:2  | You pick up a book of Party Tricks and begin reading...
 42310 | Snake:2  | You add the spells Apportation, Lesser Beckoning, Tukima's
                  | Dance, Alistair's Intoxication and Invisibility to your
                  | library.
 42599 | Snake:2  | You pick up a book of Transfigurations and begin reading...
 42599 | Snake:2  | You add the spells Irradiate, Hydra Form and Dragon Form to
                  | your library.
 43120 | Snake:2  | Reached skill level 12 in Conjurations
 43532 | Snake:3  | Reached skill level 10 in Hexes
 43532 | Snake:3  | Reached skill level 10 in Summonings
 43532 | Snake:3  | Reached skill level 10 in Necromancy
 43532 | Snake:3  | Reached skill level 10 in Translocations
 43532 | Snake:3  | Reached skill level 10 in Transmutations
 43532 | Snake:3  | Reached skill level 10 in Fire Magic
 43532 | Snake:3  | Reached skill level 10 in Ice Magic
 43532 | Snake:3  | Reached skill level 10 in Air Magic
 43532 | Snake:3  | Reached skill level 10 in Earth Magic
 43532 | Snake:3  | Reached skill level 10 in Poison Magic
 45048 | Snake:3  | Reached XP level 18. HP: 140/140 MP: 34/34
 45292 | Snake:4  | Entered Level 4 of the Snake Pit
 45462 | Snake:4  | Reached skill level 12 in Fighting
 45462 | Snake:4  | Reached skill level 12 in Short Blades
 45462 | Snake:4  | Reached skill level 12 in Long Blades
 45462 | Snake:4  | Reached skill level 12 in Axes
 45462 | Snake:4  | Reached skill level 12 in Maces & Flails
 45462 | Snake:4  | Reached skill level 12 in Polearms
 45462 | Snake:4  | Reached skill level 12 in Staves
 45462 | Snake:4  | Reached skill level 12 in Slings
 45462 | Snake:4  | Reached skill level 12 in Bows
 45462 | Snake:4  | Reached skill level 12 in Crossbows
 45462 | Snake:4  | Reached skill level 12 in Throwing
 45462 | Snake:4  | Reached skill level 12 in Armour
 45462 | Snake:4  | Reached skill level 12 in Shields
 45462 | Snake:4  | Reached skill level 12 in Unarmed Combat
 45462 | Snake:4  | Reached skill level 12 in Evocations
 45587 | Snake:4  | Reached skill level 13 in Invocations
 46073 | Snake:4  | Found Woinoe's Antique Weapon Shoppe.
 46081 | Snake:4  | Bought a translucent hand crossbow for 331 gold pieces
 46081 | Snake:4  | Identified the cursed +1 hand crossbow "Tariant" {speed,
                  | rPois Int+4 Dex+3} (You bought it in a shop on level 4 of
                  | the Snake Pit)
 46091 | Snake:4  | Learned a level 5 spell: Irradiate
 46207 | Snake:4  | Noticed Vashnia
 46234 | Snake:4  | Killed Vashnia
 46235 | Snake:4  | Reached skill level 13 in Spellcasting
 47533 | Snake:4  | Reached skill level 13 in Dodging
 47885 | Snake:4  | Reached skill level 13 in Stealth
 48103 | Snake:4  | Reached XP level 19. HP: 146/147 MP: 14/36
 48218 | Snake:4  | Offered knowledge of Lehudib's Crystal Spear by Vehumet.
 48218 | Snake:4  | Offered knowledge of Fire Storm by Vehumet.
 48218 | Snake:4  | Offered knowledge of Absolute Zero by Vehumet.
 48245 | Snake:4  | Got a serpentine rune of Zot
 49274 | Swamp:4  | Entered Level 4 of the Swamp
 49666 | Swamp:4  | Found a runed translucent door.
 49684 | Swamp:4  | Noticed Takkir's ghost (adept DsAK)
 49702 | Swamp:4  | Reached skill level 11 in Hexes
 49702 | Swamp:4  | Reached skill level 11 in Summonings
 49702 | Swamp:4  | Reached skill level 11 in Necromancy
 49702 | Swamp:4  | Reached skill level 11 in Translocations
 49702 | Swamp:4  | Reached skill level 11 in Transmutations
 49702 | Swamp:4  | Reached skill level 11 in Fire Magic
 49702 | Swamp:4  | Reached skill level 11 in Ice Magic
 49702 | Swamp:4  | Reached skill level 11 in Air Magic
 49702 | Swamp:4  | Reached skill level 11 in Earth Magic
 49702 | Swamp:4  | Reached skill level 11 in Poison Magic
 50100 | Swamp:4  | Noticed the 27-headed Lernaean hydra
 50181 | Swamp:4  | Killed the 27-headed Lernaean hydra
 50349 | Swamp:4  | Got a decaying rune of Zot
 50411 | Swamp:4  | Noticed Bai Suzhen
 50428 | Swamp:4  | Killed Bai Suzhen
 50468 | Swamp:4  | Reached skill level 13 in Fighting
 50468 | Swamp:4  | Reached skill level 13 in Short Blades
 50468 | Swamp:4  | Reached skill level 13 in Long Blades
 50468 | Swamp:4  | Reached skill level 13 in Axes
 50468 | Swamp:4  | Reached skill level 13 in Maces & Flails
 50468 | Swamp:4  | Reached skill level 13 in Polearms
 50468 | Swamp:4  | Reached skill level 13 in Staves
 50468 | Swamp:4  | Reached skill level 13 in Slings
 50468 | Swamp:4  | Reached skill level 13 in Bows
 50468 | Swamp:4  | Reached skill level 13 in Crossbows
 50468 | Swamp:4  | Reached skill level 13 in Throwing
 50468 | Swamp:4  | Reached skill level 13 in Armour
 50468 | Swamp:4  | Reached skill level 13 in Shields
 50468 | Swamp:4  | Reached skill level 13 in Unarmed Combat
 50468 | Swamp:4  | Reached skill level 14 in Invocations
 50468 | Swamp:4  | Reached skill level 13 in Evocations
 50968 | Swamp:4  | Killed Takkir's ghost
 51420 | D:5      | Killed hawla's ghost
 51547 | D:6      | Killed Beepinex's ghost
 51583 | D:6      | You pick up a book of Geomancy and begin reading...
 51583 | D:6      | You add the spells Sandblast, Passwall, Stone Arrow and
                  | Lee's Rapid Deconstruction to your library.
 51894 | Depths:1 | Entered Level 1 of the Depths
 52059 | Depths:1 | Reached skill level 13 in Conjurations
 52365 | Depths:1 | Reached XP level 20. HP: 122/156 MP: 9/37
 52689 | Depths:1 | You pick up a book of Changes and begin reading...
 52689 | Depths:1 | You add the spells Beastly Appendage, Wereblood, Spider
                  | Form, Ice Form and Blade Hands to your library.
 52758 | Depths:1 | Reached skill level 14 in Spellcasting
 52862 | Depths:1 | Reached skill level 14 in Dodging
 53065 | Depths:1 | Found a gateway to a ziggurat.
 53146 | Depths:1 | Noticed Mara
 53148 | Depths:1 | Noticed phalm's illusion
 53161 | Depths:1 | Killed Mara
 53263 | Depths:1 | Found Effuabe's Gadget Emporium.
 53263 | Depths:1 | Found Visa's Jewellery Shop.
 53264 | Depths:1 | Found Lomurph's Jewellery Shop.
 53270 | Depths:1 | Bought the ring "Zulyoz" {+Fly rC+ Str+2 SInv} for 598 gold
                  | pieces
 53385 | Depths:1 | Found a gateway to Hell.
 53471 | Depths:1 | Reached skill level 14 in Stealth
 53676 | Depths:2 | Identified the +5 chain mail "Wyterufe" {Str+2 Int+2
                  | Slay+3} (You found it on level 2 of the Depths)
 53744 | Depths:2 | Noticed Nikola
 53752 | Depths:2 | Killed Nikola
 53755 | Depths:2 | Identified the +0 helmet of Voiwynawk {rPois rF- rC- SInv}
                  | (You found it on level 2 of the Depths)
 55018 | Depths:2 | Identified the amulet "Qasunut" {Spirit rN+ Str-2 Dex+4}
                  | (You found it on level 2 of the Depths)
 55020 | Depths:2 | Identified the +4 spear "Roplowu" {vorpal, rPois Stlth+}
                  | (You found it on level 2 of the Depths)
 55131 | Depths:2 | You fall into a shaft and drop 1 floor!
 55180 | Depths:3 | HP: 35/158 [flayed ghost/flay_damage (17)]
 55667 | Depths:3 | Reached XP level 21. HP: 164/164 MP: 29/39
 55740 | Depths:3 | Found Baugaqetz's Distillery.
 55744 | Depths:3 | Found Umuad Zau's Assorted Antiques.
 55751 | Depths:3 | Paralysed by a great orb of eyes for 5 turns
 55802 | Depths:3 | Bought a scroll labelled SUGHO AH ILL for 35 gold pieces
 56527 | Depths:3 | Reached skill level 15 in Invocations
 56844 | Depths:3 | Reached skill level 12 in Hexes
 56844 | Depths:3 | Reached skill level 12 in Summonings
 56844 | Depths:3 | Reached skill level 12 in Necromancy
 56844 | Depths:3 | Reached skill level 12 in Translocations
 56844 | Depths:3 | Reached skill level 12 in Transmutations
 56844 | Depths:3 | Reached skill level 12 in Fire Magic
 56844 | Depths:3 | Reached skill level 12 in Ice Magic
 56844 | Depths:3 | Reached skill level 12 in Air Magic
 56844 | Depths:3 | Reached skill level 12 in Earth Magic
 56844 | Depths:3 | Reached skill level 12 in Poison Magic
 57041 | Depths:3 | You fall into a shaft and drop 1 floor!
 57055 | Depths:4 | Reached skill level 14 in Fighting
 57055 | Depths:4 | Reached skill level 14 in Short Blades
 57055 | Depths:4 | Reached skill level 14 in Long Blades
 57055 | Depths:4 | Reached skill level 14 in Axes
 57055 | Depths:4 | Reached skill level 14 in Maces & Flails
 57055 | Depths:4 | Reached skill level 14 in Polearms
 57055 | Depths:4 | Reached skill level 14 in Staves
 57055 | Depths:4 | Reached skill level 14 in Slings
 57055 | Depths:4 | Reached skill level 14 in Bows
 57055 | Depths:4 | Reached skill level 14 in Crossbows
 57055 | Depths:4 | Reached skill level 14 in Throwing
 57055 | Depths:4 | Reached skill level 14 in Armour
 57055 | Depths:4 | Reached skill level 14 in Shields
 57055 | Depths:4 | Reached skill level 14 in Unarmed Combat
 57055 | Depths:4 | Reached skill level 14 in Evocations
 57060 | Depths:4 | Noticed Jory
 57088 | Depths:4 | HP: 41/165 [yaktaur (11)]
 57093 | Depths:4 | HP: 35/165 [yaktaur/bolt (8)]
 57114 | Depths:3 | HP: 35/165 [green very ugly thing (8)]
 57120 | Depths:3 | HP: 35/165 [green very ugly thing (1)]
 57126 | Depths:3 | HP: 21/165 [green very ugly thing (16)]
 57678 | Depths:3 | Found a one-way gate leading to the halls of Pandemonium.
 57712 | Depths:3 | You pick up a book of Spatial Translocations and begin
                  | reading...
 57712 | Depths:3 | You add the spells Blink, Teleport Other and Passage of
                  | Golubria to your library.
 57723 | Depths:3 | You pick up a book of Fire and begin reading...
 57732 | Depths:3 | Found the +6 Majin-Bo {vamp, MP+6 Int+6}
 58037 | Depths:4 | Killed Jory
 58444 | Depths:4 | Identified the +4 great mace of the Screaming Blowfly
                  | {flame, rC+ Will+ Str+2} (You found it on level 4 of the
                  | Depths)
 58448 | Depths:4 | Noticed Frederick
 58818 | Elf:1    | Entered Level 1 of the Elven Halls
 58989 | Elf:1    | You pick up a book of Hexes and begin reading...
 58989 | Elf:1    | You add the spells Silence and Discord to your library.
 59279 | Elf:1    | Identified Cepiv's Volume of the Entourage
 59280 | Elf:1    | You add the spells Summon Small Mammal, Call Imp, Summon
                  | Guardian Golem, Call Canine Familiar and Summon Forest to
                  | your library.
 59657 | Elf:1    | Identified the +4 buckler of Giclin {Dex+3}
 60185 | Elf:2    | Found Jidugof's Gadget Emporium.
 60365 | Elf:2    | Found a runed translucent gate.
 60365 | Elf:2    | Found a runed translucent gate.
 60366 | Elf:2    | Found a runed translucent gate.
 60453 | Elf:2    | Reached skill level 15 in Spellcasting
 60460 | Elf:2    | Reached XP level 22. HP: 172/172 MP: 23/41
 60594 | Elf:2    | a +1 executioner's axe of holy wrath {rare}; a +0 war axe
                  | of distortion {!w}
 61173 | Elf:2    | You pick up a book of the Tempests and begin reading...
 61370 | Elf:2    | Reached skill level 15 in Dodging
 61467 | Elf:3    | Entered Level 3 of the Elven Halls
 61862 | Elf:3    | Reached skill level 14 in Conjurations
 62038 | Elf:3    | You pick up a book of Debilitation and begin reading...
 62433 | Elf:3    | Reached skill level 15 in Stealth
 62661 | Elf:3    | Identified the +6 halberd "Omneunol" {pain, Dex+2}
 62865 | Elf:3    | Identified the Collected Works on Harmful Snow
 62866 | Elf:3    | You add the spells Summon Ice Beast and Conjure Ball
                  | Lightning to your library.
 62871 | Elf:3    | Got a pair of dazzling gloves
 62876 | Elf:3    | Got a pitted longbow
 62887 | Elf:3    | You pick up a book of Conjurations and begin reading...
 62898 | Elf:3    | magus.rc [v1.9.10]
 62959 | Elf:3    | You pick up a book of Unlife and begin reading...
 62959 | Elf:3    | You add the spells Borgnjor's Vile Clutch, Death Channel
                  | and Simulacrum to your library.
 62965 | Elf:3    | You pick up a book of Annihilations and begin reading...
 62965 | Elf:3    | You add the spells Chain Lightning, Lehudib's Crystal
                  | Spear, Absolute Zero and Fire Storm to your library.
 62974 | Elf:3    | Identified the +0 pair of gloves of Spite {Rampage +Blink}
                  | (You found it on level 3 of the Elven Halls)
 62987 | Elf:3    | You pick up a book of Frost and begin reading...
 62987 | Elf:3    | You add the spells Freeze, Ozocubu's Armour and Hailstorm
                  | to your library.
 63018 | Elf:3    | You pick up a book of Debilitation and begin reading...
 63070 | Elf:3    | You pick up a book of Transfigurations and begin reading...
 63095 | Elf:3    | Identified the cursed +1 spear "Oplinija" {vamp, rN+ Str+3
                  | Dex-4} (You found it on level 3 of the Elven Halls)
 63457 | Vaults:1 | Entered Level 1 of the Vaults
 64311 | Vaults:1 | Reached skill level 16 in Invocations
 65155 | Vaults:2 | Reached XP level 23. HP: 180/180 MP: 15/42
 65465 | Vaults:2 | Reached skill level 15 in Fighting
 65465 | Vaults:2 | Reached skill level 15 in Short Blades
 65465 | Vaults:2 | Reached skill level 15 in Long Blades
 65465 | Vaults:2 | Reached skill level 15 in Axes
 65465 | Vaults:2 | Reached skill level 15 in Maces & Flails
 65465 | Vaults:2 | Reached skill level 15 in Polearms
 65465 | Vaults:2 | Reached skill level 15 in Staves
 65465 | Vaults:2 | Reached skill level 15 in Slings
 65465 | Vaults:2 | Reached skill level 15 in Bows
 65465 | Vaults:2 | Reached skill level 15 in Crossbows
 65465 | Vaults:2 | Reached skill level 15 in Throwing
 65465 | Vaults:2 | Reached skill level 15 in Armour
 65465 | Vaults:2 | Reached skill level 15 in Shields
 65465 | Vaults:2 | Reached skill level 15 in Unarmed Combat
 65465 | Vaults:2 | Reached skill level 15 in Evocations
 65633 | Vaults:2 | Found Linoupp's Antique Armour Shoppe.
 65668 | Vaults:2 | Noticed Sojobo
 65685 | Vaults:2 | Killed Sojobo
 65777 | Vaults:2 | Bought bloodstained swamp dragon scales for 1980 gold
                  | pieces
 65777 | Vaults:2 | Identified the +4 swamp dragon scales of the Stone Wall
                  | {+Blink rPois rC- rN+ Will+} (You bought it in a shop on
                  | level 2 of the Vaults)
 65839 | Vaults:2 | Reached skill level 13 in Hexes
 65839 | Vaults:2 | Reached skill level 13 in Summonings
 65839 | Vaults:2 | Reached skill level 13 in Necromancy
 65839 | Vaults:2 | Reached skill level 13 in Translocations
 65839 | Vaults:2 | Reached skill level 13 in Transmutations
 65839 | Vaults:2 | Reached skill level 13 in Fire Magic
 65839 | Vaults:2 | Reached skill level 13 in Ice Magic
 65839 | Vaults:2 | Reached skill level 13 in Air Magic
 65839 | Vaults:2 | Reached skill level 13 in Earth Magic
 65839 | Vaults:2 | Reached skill level 13 in Poison Magic
 65928 | Vaults:2 | You pick up a book of Frost and begin reading...
 66171 | Vaults:2 | Found a staircase to the Crypt.
 66292 | Vaults:2 | Found a runed translucent gate.
 66292 | Vaults:2 | Found a runed translucent gate.
 66292 | Vaults:2 | Found a runed translucent gate.
 66413 | Vaults:2 | Noticed oc3rt's ghost (adept KoHu)
 66950 | Vaults:2 | Killed oc3rt's ghost
 66989 | Vaults:2 | Identified the +1 ring mail of Sif Muna's Favour {rC+} (You
                  | found it on level 2 of the Vaults)
 66992 | Vaults:2 | Identified the cursed +0 hat of the Hall of Blades {+Blink
                  | rF+ rN+} (You found it on level 2 of the Vaults)
 67544 | Vaults:3 | Reached skill level 16 in Spellcasting
 67888 | Vaults:3 | Identified the cursed +1 robe of Moz Mil {Str+4 Int+6
                  | Dex-3} (You found it on level 3 of the Vaults)
 68110 | Vaults:3 | Reached XP level 24. HP: 189/189 MP: 37/43
 68120 | Vaults:3 | Reached skill level 16 in Dodging
 68667 | Vaults:3 | You pick up a book of Necromancy and begin reading...
 68771 | Vaults:3 | You pick up a book of Dreams and begin reading...
 68771 | Vaults:3 | You add the spells Ensorcelled Hibernation and Shadow
                  | Creatures to your library.
 68797 | Vaults:4 | You add the spells Sting, Poisonous Vapours and Olgreb's
                  | Toxic Radiance to your library.
 68812 | Vaults:4 | Reached skill level 16 in Stealth
 68973 | Vaults:4 | Found Taoguw's Distillery.
 69310 | Vaults:4 | Learned a level 8 spell: Lehudib's Crystal Spear
 69320 | Vaults:4 | Learned a level 8 spell: Ignition
 69362 | Vaults:4 | magus.rc [v1.9.10]
 70278 | Vaults:5 | Entered Level 5 of the Vaults
 70287 | Vaults:5 | Reached skill level 17 in Invocations
 70298 | Vaults:4 | Reached skill level 15 in Conjurations
 71107 | Vaults:4 | +0 shadow dragon scales {rare}; a shadow dragon skeleton
 71114 | Vaults:5 | Reached skill level 16 in Fighting
 71114 | Vaults:5 | Reached skill level 16 in Short Blades
 71114 | Vaults:5 | Reached skill level 16 in Long Blades
 71114 | Vaults:5 | Reached skill level 16 in Axes
 71114 | Vaults:5 | Reached skill level 16 in Maces & Flails
 71114 | Vaults:5 | Reached skill level 16 in Polearms
 71114 | Vaults:5 | Reached skill level 16 in Staves
 71114 | Vaults:5 | Reached skill level 16 in Slings
 71114 | Vaults:5 | Reached skill level 16 in Bows
 71114 | Vaults:5 | Reached skill level 16 in Crossbows
 71114 | Vaults:5 | Reached skill level 16 in Throwing
 71114 | Vaults:5 | Reached skill level 16 in Armour
 71114 | Vaults:5 | Reached skill level 16 in Shields
 71114 | Vaults:5 | Reached skill level 16 in Unarmed Combat
 71114 | Vaults:5 | Reached skill level 16 in Evocations
 71119 | Vaults:5 | Reached XP level 25. HP: 92/197 MP: 38/43
 71121 | Vaults:5 | Noticed an ancient lich
 71459 | Vaults:4 | +0 shadow dragon scales {rare}; +0 shadow dragon scales
                  | {rare}; a shadow dragon skeleton
 71776 | Slime:1  | Entered Level 1 of the Pits of Slime
 73074 | Slime:3  | Noticed Dissolution
 73077 | Slime:3  | Gained mutation: Your body sometimes deteriorates upon
                  | taking damage. [a shining eye]
 73081 | Slime:3  | Reached skill level 14 in Hexes
 73081 | Slime:3  | Reached skill level 14 in Summonings
 73081 | Slime:3  | Reached skill level 14 in Necromancy
 73081 | Slime:3  | Reached skill level 14 in Translocations
 73081 | Slime:3  | Reached skill level 14 in Transmutations
 73081 | Slime:3  | Reached skill level 14 in Fire Magic
 73081 | Slime:3  | Reached skill level 14 in Ice Magic
 73081 | Slime:3  | Reached skill level 14 in Air Magic
 73081 | Slime:3  | Reached skill level 14 in Earth Magic
 73081 | Slime:3  | Reached skill level 14 in Poison Magic
 73081 | Slime:3  | Killed Dissolution
 73505 | Slime:3  | Gained mutation: Your body often deteriorates upon taking
                  | damage. [a shining eye]
 73975 | Slime:5  | Entered Level 5 of the Pits of Slime
 74252 | Slime:4  | Reached skill level 17 in Spellcasting
 74636 | Slime:5  | Gained mutation: Your movements are slightly less
                  | encumbered by armour. (ER -2) [a shining eye]
 74645 | Slime:5  | Noticed the Royal Jelly
 74716 | Slime:5  | Killed the Royal Jelly
 74717 | Slime:5  | Reached skill level 17 in Dodging
 74994 | Slime:5  | You pick up a book of the Dragon and begin reading...
 74996 | Slime:5  | Got a slimy rune of Zot
 74998 | Slime:5  | Identified the +10 halberd of Idderch {vorpal, +Fly rF+
                  | Int+7} (You found it on level 5 of the Pits of Slime)
 75071 | Slime:5  | Identified the +5 war axe of Dithmenos's Delight {speed,
                  | SInv} (You found it on level 5 of the Pits of Slime)
 75081 | Slime:5  | You pick up a book of the Earth and begin reading...
 75440 | Slime:5  | Got a slimy scale mail
 75804 | Lair:2   | Identified the +1 scale mail of Submission {Str+9} (You
                  | found it on level 5 of the Pits of Slime)
 75982 | Vaults:5 | Reached skill level 17 in Stealth
 75987 | Vaults:4 | Killed an ancient lich
 75988 | Vaults:4 | Reached XP level 26. HP: 196/206 MP: 30/44
 76052 | Vaults:5 | HP: 23/206 [disintegration (65)]
 76057 | Vaults:5 | Blown up by a lich

Vanquished Creatures
  Dissolution (Slime:3)
  the Royal Jelly (Slime:5)
  An ancient lich (Vaults:4)
  Mara (Depths:1)
  Sojobo (Vaults:2)
  Bai Suzhen (Swamp:4)
  Vashnia (Snake:4)
  the Lernaean hydra (Swamp:4)
  Jory (Depths:4)
  Nikola (Depths:2)
  3 tentacled monstrosities
  Jorgrun (Swamp:1)
  3 liches
  The ghost of oc3rt the Spry, an adept KoHu of Hepliaklqana (Vaults:2)
  A deep elf blademaster (Elf:3)
  24 acid blobs
  2 deep elf master archers (Elf:3)
  3 sphinxes
  2 quicksilver dragons
  3 titans (Vaults:5)
  The ghost of Takkir the Marksdemonspawn, an adept DsAK of Lugonu (Swamp:4)
  A thorn hunter (Swamp:4)
  8 tengu reavers
  11 azure jellies
  3 shadow dragons (Vaults:4)
  Roxanne (D:14)
  A storm dragon (Vaults:5)
  11 nagarajas
  A fenstrider witch (Swamp:3)
  3 fire giants
  8 frost giants
  9 vault wardens
  9 deep elf sorcerers (Elf:3)
  Aizul (Snake:2)
  An orc warlord (Vaults:5)
  3 deep elf elementalists (Elf:3)
  A ghoul (Vaults:3)
  3 war gargoyles
  20 very ugly things
  14 ironheart preservers
  14 stone giants
  A vampire knight (Depths:3)
  6 deep elf demonologists
  A dire elephant (D:15)
  7 deep elf annihilators
  4 crystal guardians (Elf:3)
  8 bunyips
  A minotaur (Gauntlet)
  3 green deaths
  A merfolk impaler (Depths:2)
  5 deep elf death magi
  3 ettins
  4 fire dragons
  6 death oozes
  8 great orbs of eyes
  2 shambling mangroves (Swamp:4)
  6 eleionomae
  8 deep elf high priests
  3 ice dragons
  8 yaktaur captains
  26 hydras
  16 ogre magi
  10 naga warriors
  6 boulder beetles
  39 vault guards
  6 rakshasas
  28 two-headed ogres
  4 catoblepae (Lair:6)
  8 alligators
  13 anacondas
  3 death knights
  6 centaur warriors
  A ghost crab (Swamp:4)
  8 death yaks
  9 deep troll shamans
  A spriggan berserker (Depths:2)
  33 dancing weapons
  6 vampire magi
  7 deep troll earth magi
  15 naga sharpshooters
  A soul eater (Gauntlet)
  5 tengu warriors
  2 orc high priests
  9 shock serpents
  11 deep elf knights
  Nergalle (D:11)
  4 iron trolls (Depths:3)
  A shadow wraith (Vaults:3)
  13 skeletal warriors
  A storm dragon skeleton (Vaults:4)
  8 salamander mystics
  A fire crab (shapeshifter) (Depths:3)
  25 deep trolls
  2 unseen horrors (shapeshifter)
  A goliath frog (Swamp:3)
  2 unseen horrors
  An obsidian statue (Depths:1)
  3 spriggan druids (Swamp:3)
  11 swamp dragons
  5 glowing orange brains
  3 bog bodies
  10 naga ritualists
  13 deep elf archers
  2 flayed ghosts
  3 wizards
  10 ironbrand convokers
  7 lindwurms
  13 orc knights
  3 phantasmal warriors (Vaults:5)
  3 wolf spider zombies
  A harpy (shapeshifter) (Vaults:3)
  6 necromancers
  7 harpies
  2 shadow dragon zombies
  43 deep elf magi
  15 mana vipers
  5 will-o-the-wisps
  8 orc sorcerers
  54 ugly things
  3 wolf spiders
  9 cyclopes
  5 shining eyes
  4 manticores
  13 salamanders
  13 elephants
  5 guardian serpents (Snake:4)
  2 centaur zombies
  The ghost of Beepinex the Thaumaturge, a novice DECj (D:6)
  A frost giant skeleton (Depths:2)
  19 naga magi
  A stone giant skeleton (Vaults:4)
  35 black mambas
  A guardian serpent (shapeshifter) (Depths:2)
  2 rust devils (Depths:1)
  17 vault sentinels
  3 eyes of devastation
  2 orange demons
  An ice statue (IceCv)
  4 centaur skeletons
  9 cane toads
  3 gargoyles
  2 cane toads (shapeshifter)
  Maggie (Lair:1)
  A smoke demon (Depths:1)
  6 rime drakes
  A yaktaur (shapeshifter) (Vaults:2)
  5 freezing wraiths
  6 komodo dragons
  2 ice devils
  2 hellwings (Depths:1)
  64 yaktaurs
  2 kobold demonologists (Bailey)
  The ghost of hawla the Chopper, an amateur MiBe of Trog (D:5)
  A redback zombie (D:13)
  A spriggan skeleton (Depths:2)
  A wind drake (shapeshifter) (D:15)
  16 hornets
  A merfolk (D:15)
  A tengu simulacrum (Vaults:2)
  A meliai (shapeshifter) (D:15)
  16 polar bears
  8 trolls
  Grinder (D:4)
  A hornet (shapeshifter) (Vaults:1)
  128 slime creatures
  5 tyrant leeches
  4 blink frogs (Lair:5)
  A flying skull (Vaults:2)
  2 air elementals (Elf:3)
  15 spriggans
  5 wraiths
  An ettin skeleton (Vaults:4)
  A tarantella (shapeshifter) (Vaults:1)
  A human (D:3)
  2 humans (shapeshifter)
  A fire bat (shapeshifter) (Vaults:2)
  2 vampires
  7 wyverns
  5 water elementals
  4 basilisks
  A shadow (D:11)
  11 golden eyes
  57 yaks
  2 neqoxecs (Depths:1)
  3 fire elementals
  4 vampire mosquitoes (D:12)
  A warg (shapeshifter) (Depths:1)
  9 wargs
  5 acid dragons
  34 nagas
  16 swamp worms
  A swamp worm (shapeshifter) (Vaults:5)
  18 water moccasins
  2 soldier ants
  47 orc warriors
  7 swamp drakes
  10 ice beasts
  4 sky beasts
  4 black bears
  5 eyes of draining
  An eye of draining (shapeshifter) (Vaults:1)
  3 necrophages (D:8)
  28 ogres
  8 phantoms
  35 wolves
  6 boggarts
  10 centaurs
  Blork the orc (D:6)
  4 big kobolds
  2 elf zombies (Ossuary)
  14 bullfrogs
  A wyvern zombie (D:6)
  3 earth elementals (Elf:2)
  6 scorpions
  2 wyvern skeletons
  6 killer bees (D:12)
  2 troll zombies (D:10)
  An elf simulacrum (Vaults:3)
  8 wights
  2 howler monkeys
  7 electric eels
  A crimson imp (Depths:1)
  A lava snake (D:10)
  3 bullfrog zombies
  A human simulacrum (Vaults:1)
  7 hounds
  21 orc priests
  5 jellies
  Crazy Yiuf (D:3)
  2 gnoll shamans
  3 iron imps (Depths:1)
  4 bullfrog skeletons
  Jessica (D:2)
  14 worker ants
  6 iguanas
  39 orc wizards
  12 hell rats
  A big kobold zombie (Ossuary)
  6 ogre zombies (D:10)
  2 hound zombies (D:9)
  4 mummies (Ossuary)
  2 worker ant zombies
  A howler monkey skeleton (D:4)
  A howler monkey zombie (D:10)
  9 gnolls
  A gnoll (shapeshifter) (Depths:2)
  25 adders
  6 river rats
  3 shadow imps
  8 white imps
  4 ufetubi
  An ooze (D:2)
  An adder skeleton (D:9)
  An adder zombie (Ossuary)
  2 worms
  4 dart slugs
  9 leopard geckos
  135 orcs
  14 ball pythons
  13 bats
  6 giant cockroaches
  5 gnoll zombies (Ossuary)
  14 goblins
  10 hobgoblins
  11 jackals
  9 quokkas
  6 frilled lizards
  A goblin skeleton (D:10)
  2 goblin zombies (D:10)
  3 hobgoblin zombies
  28 kobolds
  2 kobold skeletons
  A kobold zombie (Ossuary)
  5 orc skeletons (D:10)
  16 orc zombies
  A quokka skeleton (D:9)
  A quokka zombie (D:6)
  34 rats
  A butterfly (Lair:3)
  6 crawling corpses (Elf:3)
  A fulminant prism (Lair:6)
2228 creatures vanquished.

Vanquished Creatures (collateral kills)
  A death yak (D:11)
1 creature vanquished.

Vanquished Creatures (others)
  A black mamba (Snake:4)
  2 polar bears (IceCv)
  A yak (IceCv)
  A wolf (IceCv)
  An orc wizard (D:13)
  30 demonic plants (Gauntlet)
  8 foxfires
  34 fulminant prisms
  21 fungi
  48 plants
147 creatures vanquished.

Grand Total: 2376 creatures vanquished

Table legend:
 A = Non-vault XP
 B = Vault XP
 C = Vault XP percentage of total XP
 D = Non-vault monster count
 E = Vault monster count
 F = Vault count percentage of total count
                 A         B        C        D         E       F
            +---------+---------+-------+---------+---------+-------
      Total |  578175 |  537444 |  48.2 |    1330 |     876 |  39.7
            +---------+---------+-------+---------+---------+-------
        D:1 |      22 |       1 |   4.3 |      12 |       1 |   7.7
        D:2 |      73 |      68 |  48.2 |      23 |      13 |  36.1
        D:3 |     154 |     250 |  61.9 |      30 |       4 |  11.8
        D:4 |     601 |     278 |  31.6 |      23 |       2 |   8.0
        D:5 |     331 |     532 |  61.6 |      16 |      10 |  38.5
        D:6 |     927 |    1062 |  53.4 |      24 |      20 |  45.5
        D:7 |     792 |     340 |  30.0 |      25 |       5 |  16.7
        D:8 |    2407 |    2623 |  52.1 |      16 |      21 |  56.8
        D:9 |    3079 |       0 |   0.0 |      38 |       0 |   0.0
       D:10 |    1005 |     667 |  39.9 |      19 |      36 |  65.5
       D:11 |    3118 |    3384 |  52.0 |      19 |      18 |  48.6
       D:12 |    5896 |       0 |   0.0 |      37 |       0 |   0.0
       D:13 |   14233 |       0 |   0.0 |      43 |       0 |   0.0
       D:14 |    7403 |    7688 |  50.9 |      19 |      11 |  36.7
       D:15 |    9652 |    3056 |  24.0 |      24 |       4 |  14.3
     Lair:1 |    4698 |     395 |   7.8 |      24 |       1 |   4.0
     Lair:2 |    6031 |    1540 |  20.3 |      14 |      16 |  53.3
     Lair:3 |    1500 |       0 |   0.0 |      12 |       0 |   0.0
     Lair:4 |    2263 |    4621 |  67.1 |       7 |      26 |  78.8
     Lair:5 |    6488 |     632 |   8.9 |      17 |       4 |  19.0
     Lair:6 |   11223 |   11077 |  49.7 |      27 |      27 |  50.0
    Swamp:1 |   11879 |    3040 |  20.4 |      18 |       1 |   5.3
    Swamp:2 |   10137 |       0 |   0.0 |      20 |       0 |   0.0
    Swamp:3 |   10803 |     408 |   3.6 |      21 |       3 |  12.5
    Swamp:4 |   24017 |   30851 |  56.2 |      38 |      27 |  41.5
    Snake:1 |    9539 |       0 |   0.0 |      21 |       0 |   0.0
    Snake:2 |   20457 |    1721 |   7.8 |      35 |       1 |   2.8
    Snake:3 |   23025 |       0 |   0.0 |      38 |       0 |   0.0
    Snake:4 |   14040 |   63934 |  82.0 |      29 |      78 |  72.9
    Slime:1 |   15687 |       0 |   0.0 |      22 |       0 |   0.0
    Slime:2 |   14036 |    1017 |   6.8 |      24 |       4 |  14.3
    Slime:3 |   12591 |   14606 |  53.7 |      27 |       1 |   3.6
    Slime:4 |   18559 |       0 |   0.0 |      34 |       0 |   0.0
    Slime:5 |    9252 |   33688 |  78.5 |      23 |      14 |  37.8
      Orc:1 |    2116 |    1209 |  36.4 |      29 |       9 |  23.7
      Orc:2 |    2297 |   13548 |  85.5 |      33 |      45 |  57.7
      Elf:1 |   14241 |    4903 |  25.6 |      25 |       7 |  21.9
      Elf:2 |   14826 |   22068 |  59.8 |      25 |      28 |  52.8
      Elf:3 |   10976 |   51757 |  82.5 |      19 |      35 |  64.8
   Vaults:1 |   15582 |   13258 |  46.0 |      30 |      25 |  45.5
   Vaults:2 |   31490 |   45349 |  59.0 |      58 |      53 |  47.7
   Vaults:3 |   31951 |   36730 |  53.5 |      48 |      52 |  52.0
   Vaults:4 |   15670 |   23956 |  60.5 |      33 |      11 |  25.0
   Vaults:5 |   30971 |   75745 |  71.0 |      46 |      57 |  55.3
   Depths:1 |   55090 |   14306 |  20.6 |      68 |      18 |  20.9
   Depths:2 |   11894 |   17562 |  59.6 |      15 |      12 |  44.4
   Depths:3 |   57516 |    7563 |  11.6 |      72 |       7 |   8.9
   Depths:4 |    7637 |    3937 |  34.0 |      10 |       1 |   9.1
      Sewer |       0 |     347 | 100.0 |       0 |      48 | 100.0
    Ossuary |       0 |     310 | 100.0 |       0 |      16 | 100.0
     Bailey |       0 |    2133 | 100.0 |       0 |      44 | 100.0
      IceCv |       0 |   11326 | 100.0 |       0 |      49 | 100.0
   Gauntlet |       0 |    3958 | 100.0 |       0 |      11 | 100.0
            +---------+---------+-------+---------+---------+-------

Illustrated notes

Table legend:
 A = Kills in this place as a percentage of kills in entire the game.
 B = Kills by you in this place as a percentage of kills by you in the entire game.
 C = Kills by friends in this place as a percentage of kills by friends in the entire game.
 D = Other kills in this place as a percentage of other kills in the entire game.
 E = Experience gained in this place as a percentage of experience gained in the entire game.
 F = Experience gained in this place divided by the number of levels of this place that you have seen.
                   A       B       C       D       E      F
               +-------+-------+-------+-------+-------+----------------------
         Total | 100.0 | 100.0 | 100.0 | 100.0 | 100.0 | 20659.6
       Dungeon |  23.3 |  23.3 | 100.0 |   7.7 |   6.2 | 4642.8
          Lair |   7.9 |   7.8 |   0.0 |  38.5 |   4.5 | 8411.3
         Swamp |   5.8 |   5.8 |   0.0 |   0.0 |   8.2 | 22783.8
     Snake Pit |   9.2 |   9.1 |   0.0 |  23.1 |  11.9 | 33179.0
    Slime Pits |   6.8 |   6.8 |   0.0 |   0.0 |  10.7 | 23887.2
  Orcish Mines |   5.3 |   5.3 |   0.0 |   0.0 |   1.7 | 9585.0
   Elven Halls |   6.3 |   6.3 |   0.0 |   0.0 |  10.6 | 39590.3
        Vaults |  18.7 |  18.8 |   0.0 |   0.0 |  28.7 | 64140.4
        Depths |   9.2 |   9.2 |   0.0 |   7.7 |  15.7 | 43876.2
         Sewer |   2.2 |   2.2 |   0.0 |   0.0 |   0.0 | 347.0
       Ossuary |   0.7 |   0.7 |   0.0 |   0.0 |   0.0 | 310.0
        Bailey |   2.0 |   2.0 |   0.0 |   0.0 |   0.2 | 2133.0
      Ice Cave |   2.2 |   2.1 |   0.0 |  23.1 |   1.0 | 11326.0
      Gauntlet |   0.5 |   0.5 |   0.0 |   0.0 |   0.4 | 3958.0
               +-------+-------+-------+-------+-------+----------------------

Table legend: (Time is in decaauts)
 A = Elapsed time spent in this place.
 B = Non-inter-level travel time spent in this place.
 C = Inter-level travel time spent in this place.
 D = Time resting spent in this place.
 E = Time spent auto-exploring this place.
 F = Levels seen in this place.
 G = Mean time per level.
                   A        B        C        D        E       F      G
               +--------+--------+--------+--------+--------+-----+--------+
         Total |  75845 |  70902 |   4943 |   1192 |  57776 |  54 | 1404.5 |
       Dungeon |  21742 |  20093 |   1649 |    152 |  17272 |  15 | 1449.5 |
        Temple |    149 |    110 |     39 |      0 |    109 |   1 |  149.0 |
          Lair |  10883 |   9518 |   1365 |      0 |   8182 |   6 | 1813.8 |
         Swamp |   5535 |   5191 |    344 |      0 |   4464 |   4 | 1383.8 |
     Snake Pit |   6691 |   6421 |    270 |    183 |   5203 |   4 | 1672.8 |
    Slime Pits |   3757 |   3402 |    355 |     82 |   2812 |   5 |  751.4 |
  Orcish Mines |   2875 |   2719 |    156 |    140 |   1924 |   2 | 1437.5 |
   Elven Halls |   4357 |   4241 |    116 |     22 |   2872 |   3 | 1452.3 |
        Vaults |   8045 |   7674 |    371 |      0 |   6383 |   5 | 1609.0 |
        Depths |   6630 |   6355 |    275 |      2 |   5263 |   4 | 1657.5 |
         Sewer |    925 |    925 |      0 |      0 |    805 |   1 |  925.0 |
       Ossuary |    271 |    271 |      0 |      0 |    221 |   1 |  271.0 |
        Bailey |   1265 |   1265 |      0 |     31 |    751 |   1 | 1265.0 |
      Ice Cave |   1841 |   1841 |      0 |    580 |    841 |   1 | 1841.0 |
      Gauntlet |    871 |    871 |      0 |      0 |    668 |   1 |  871.0 |
               +--------+--------+--------+--------+--------+-----+--------+

Top non-repeatable levels by time:
 Snake:4: 2947 daAuts
  Lair:6: 2897 daAuts
Depths:3: 2824 daAuts
Vaults:4: 2717 daAuts
   Orc:2: 2019 daAuts
 Snake:3: 1982 daAuts
    D:11: 1958 daAuts
Depths:2: 1957 daAuts
Vaults:2: 1936 daAuts
  Lair:4: 1909 daAuts
     D:2: 1865 daAuts
   IceCv: 1841 daAuts
     D:6: 1838 daAuts
  Lair:2: 1796 daAuts
   Elf:3: 1716 daAuts
